Workbook

Sheet Instrucciones
B2: SI YA SIGUES ESTA ESTRATEGIA:
B3: 1. Ve a la pestaña de "Último rebalanceo" e ingresa la posición y costo de tu portafolio actual en la sección de "rebalanceo de mi portafolio"
B4: 2. El formato te calculará automáticamente a los precios de compra que ingreses (vienen a cierre del último rebalanceo por default), los nuevos movimientos que tienes que hacer para continuar siguiendo la estrategia hasta este último rebalanceo.
B6: 3. La información se copiará automáticamente en la sección "seguimiento histórico de mi portafolio" dentro de la pestaña "Portafolio Actual".
B7: 4. En esa misma sección agrega el monto de inversión con el que empezaste a seguir la estrategia así como el saldo de los depósitos - retiros que has hecho al portafolio después de iniciado.
B9: 5. (OPCIONAL). Puedes ingresar la información de los dividendos cobrados totales por emisora dentro del portafolio actual si quieres calcular una aproximación del rendimiento total de cada una de acuerdo a su costo promedio ponderado actual, caso contrario, la columna de "Rendimiento Total" por emisora se convierte en rendimiento simple al momento pero en ningún caso afecta el cálculo del rendimiento total del portafolio.
B13: SI ES TU PRIMERA VEZ Y QUIERES SEGUIR ESTA ESTRATEGIA*:
B14: 1. Ve a la pestaña de "Portafolio Actual" y en la sección de "Empezar mi portafolio desde 0" ingresa la cantidad que quieres invertir en el portafolio de esta estrategia
B15: 2. El formato te calculará automáticamente a los precios de compra que ingreses (vienen a cierre del último rebalanceo por default), la cantidad de títulos que tienes que comprar por emisora para seguir esta estrategia
B17: 3. En la última columna te marcará las diferencias en peso de cada emisora vs el Portafolio Modelo así como un % de desviación total y calificación de indexación.
B19: *También lo puedes usar si ya la sigues pero hiciste un depósito/retiro de recursos de tu portafolio entre fechas de rebalanceo y quieres saber cómo debería de quedar tu portafolio con los cambios para continuar siguiendo la estrategia correctamente (sólo haz los movimientos por las diferencias que te marque entre el nuevo portafolio desde 0 y tu portafolio actual después del depósito/retiro de recursos)
B22: **En la última pestaña están las posiciones de los rebalanceos de los 12 meses anteriores a los 2 presentados en la pestaña "Último rebalanceo"
B24: DISCLAIMER: Los datos y la información proporcionados no deben interpretarse como asesoramiento de inversiones general ni personalizado ni recomendaciones para comprar o vender valores. Los productos u operaciones financieras a los que se refieren esos datos y esa información pueden no ser adecuados para tu perfil, tus objetivos o tus expectativas de inversión. Es tu responsabilidad determinar si cualquier producto u operación financiera es adecuada para tu caso, según tus intereses, objetivos de inversión, horizonte de inversión y propensión al riesgo.

Sheet Estrategia
B2: IPC REGRESIÓN A LA MEDIA
B3: Toma las emisoras componentes del índice S&P BMV/IPC, comparando su precio actual contra su mediana de precios diarios de los últimos 12 meses y asigna entre 0 y 10% a cada emisora de acuerdo a su nivel de desviación. Sub/Sobreasignaciones equitativas al número de emisoras > 0% (Max. 15% total). Busca estar 100% invertido o lo más cercano a ello.
B6: Fecha de inicio: | C6: 1 de Noviembre 2021
B7: Universo: | C7: S&P BMV/IPC
B8: Rebalanceo: | C8: Semestral
B9: Monto mínimo sugerido: | C9: 25000
B10: Riesgo (volatilidad anual) | C10: Medio (10-15%)
B11: Acciones fraccionadas | C11: No
B12: % Mínimo por emisora | C12: 0
B13: % Máximo por emisora | C13: 0.15
B14: Efectivo | C14: 0-5%
B16: *Para el remanente de efectivo, se puede seleccionar entre un rendimiento igual al promedio mensual de la TIIE de fondeo a 1 día durante el período entre rebalanceos (base 30/360) o si se quiere omitir, seleccionar 0 en la casilla de TIIE en la pestaña último rebalanceo. No se incluyen los dividendos cobrados en el período para el cálculo.
B18: **Los rendimientos calculados, son brutos (no contemplan ninguna clase de comisión ni impuestos).
B20: 0 | C20: 44501 | D20: 44683 | E20: 44866 | F20: 45048 | G20: 45231 | H20: 45414 | I20: 45597 | J20: 45779
B21: PORTAFOLIO | C21: 0 | D21: 0.10218793 | E21: 0.13044296 | F21: 0.30968755 | G21: 0.27654212 | H21: 0.4806612 | I21: 0.44127033 | J21: 0.55306348
B22: IPC IRT | C22: 0 | D22: 0.010148339 | E22: -0.00057201166 | F22: 0.11545613 | G22: 0.020632278 | H22: 0.17776338 | I22: 0.084476143 | J22: 0.20420556

Sheet Portafolio Actual
B2: IPC Regresión a la media | D2: ='Último rebalanceo'!D2 -> 45779 | F2: TIIE 1 día promedio mensual | H2: ='Último rebalanceo'!H2 -> 0
B3: Valor inicial portafolio | D3: 25000
W4: #NA
C5: Compañía | D5: Títulos | E5: Costo Promedio Ponderado | F5: Costo total | G5: Último Cierre de mercado | H5: Valor mercado | I5: Dividendos Cobrados Totales | J5: Rendimiento Total sobre Costo Actual | K5: % Portafolio Modelo | L5: GICS | S5: GICS únicos | T5: PM | U5: MP1 | V5: MP2 | X5: PM | Y5: MP1 | Z5: MP2
B6: {=IF(ROW(A1) <= COUNTA(_xlfn._xlws.FILTER('Último rebalanceo'!B$7:B$41, ('Último rebalanceo'!$K$7:$K$41>0)*ISNUMBER('Último rebalanceo'!$K$7:$K$41))), INDEX(_xlfn._xlws.FILTER('Último rebalanceo'!B$7:$B$41, ('Último rebalanceo'!$K$7:$K$41>0)*ISNUMBER('Último rebalanceo'!$K$7:$K$41)), ROW(A1)), "0")} -> ALSEA | C6: =IFERROR(VLOOKUP($B6,'Último rebalanceo'!$B$7:$H$41,2,0),0) -> Alsea SA | D6: =IFERROR(VLOOKUP($B6,'Último rebalanceo'!$B$7:$L$41,10,0),0) -> 66 | E6: =IFERROR(VLOOKUP($B6,'Último rebalanceo'!$B$7:$L$41,11,0),0) -> 50.244539 | F6: =D6*E6 -> 3316.1396 | G6: =IFERROR(VLOOKUP($B6,'Último rebalanceo'!$B$7:$H$41,7,0),0) -> 43.970001 | H6: =D6*G6 -> 2902.0201 | I6: 50.4 | J6: =(G6+I6/E6)/E6-1 -> -0.10491576 | K6: =H6/$H$28 -> 0.066767942 | L6: =IFERROR(VLOOKUP(B6,GICS!A:C,3,0),0) -> Consumo discrecional | S6: Consumo básico | T6: =SUMIF($L$6:$L$26,S6,$K$6:$K$26) -> 0 | U6: =SUMIF($L$6:$L$26,$S6,$K$39:$K$59) -> 0 | V6: =SUMIF($L$6:$L$26,$S6,$I$71:$I$91) -> 0 | W6: {=IFERROR(INDEX(S$6:S$17, SMALL(IF(T$6:T$17>0, ROW(S$6:S$17)-ROW(S$6)+1), ROW(A1))),$W$4)} -> Industrial | X6: {=IF($W6="", "", INDEX(T$6:T$17, MATCH($W6, $S$6:$S$17, 0)))} -> 0.13017265 | Y6: {=IF($W6="", "", INDEX(U$6:U$17, MATCH($W6, $S$6:$S$17, 0)))} -> 0.1303617 | Z6: {=IF($W6="", "", INDEX(V$6:V$17, MATCH($W6, $S$6:$S$17, 0)))} -> 0.130566
B7: {=IF(ROW(A2) <= COUNTA(_xlfn._xlws.FILTER('Último rebalanceo'!B$7:B$41, ('Último rebalanceo'!$K$7:$K$41>0)*ISNUMBER('Último rebalanceo'!$K$7:$K$41))), INDEX(_xlfn._xlws.FILTER('Último rebalanceo'!B$7:$B$41, ('Último rebalanceo'!$K$7:$K$41>0)*ISNUMBER('Último rebalanceo'!$K$7:$K$41)), ROW(A2)), "0")} -> LIVEPOLC-1 | C7: =IFERROR(VLOOKUP($B7,'Último rebalanceo'!$B$7:$H$41,2,0),0) -> El Puerto de Liverpool SAB de CV | D7: =IFERROR(VLOOKUP($B7,'Último rebalanceo'!$B$7:$L$41,10,0),0) -> 32 | E7: =IFERROR(VLOOKUP($B7,'Último rebalanceo'!$B$7:$L$41,11,0),0) -> 134.15111 | F7: =D7*E7 -> 4292.8354 | G7: =IFERROR(VLOOKUP($B7,'Último rebalanceo'!$B$7:$H$41,7,0),0) -> 90.309998 | H7: =D7*G7 -> 2889.9199 | I7: 155.05 | J7: =(G7+I7/E7)/E7-1 -> -0.31818838 | K7: =H7/$H$28 -> 0.066489549 | L7: =IFERROR(VLOOKUP(B7,GICS!A:C,3,0),0) -> Consumo discrecional | S7: Industrial | T7: =SUMIF($L$6:$L$26,S7,$K$6:$K$26) -> 0.13017265 | U7: =SUMIF($L$6:$L$26,$S7,$K$39:$K$59) -> 0.1303617 | V7: =SUMIF($L$6:$L$26,$S7,$I$71:$I$91) -> 0.130566 | W7: {=IFERROR(INDEX(S$6:S$17, SMALL(IF(T$6:T$17>0, ROW(S$6:S$17)-ROW(S$6)+1), ROW(A2))),$W$4)} -> Consumo discrecional | X7: {=IF($W7="", "", INDEX(T$6:T$17, MATCH($W7, $S$6:$S$17, 0)))} -> 0.20001945 | Y7: {=IF($W7="", "", INDEX(U$6:U$17, MATCH($W7, $S$6:$S$17, 0)))} -> 0.1998335 | Z7: {=IF($W7="", "", INDEX(V$6:V$17, MATCH($W7, $S$6:$S$17, 0)))} -> 0.200564
B8: {=IF(ROW(A3) <= COUNTA(_xlfn._xlws.FILTER('Último rebalanceo'!B$7:B$41, ('Último rebalanceo'!$K$7:$K$41>0)*ISNUMBER('Último rebalanceo'!$K$7:$K$41))), INDEX(_xlfn._xlws.FILTER('Último rebalanceo'!B$7:$B$41, ('Último rebalanceo'!$K$7:$K$41>0)*ISNUMBER('Último rebalanceo'!$K$7:$K$41)), ROW(A3)), "0")} -> PE&OLES | C8: =IFERROR(VLOOKUP($B8,'Último rebalanceo'!$B$7:$H$41,2,0),0) -> Industrias Penoles | D8: =IFERROR(VLOOKUP($B8,'Último rebalanceo'!$B$7:$L$41,10,0),0) -> 13 | E8: =IFERROR(VLOOKUP($B8,'Último rebalanceo'!$B$7:$L$41,11,0),0) -> 321.17462 | F8: =D8*E8 -> 4175.27 | G8: =IFERROR(VLOOKUP($B8,'Último rebalanceo'!$B$7:$H$41,7,0),0) -> 392.98999 | H8: =D8*G8 -> 5108.8699 | I8: 0 | J8: =(G8+I8/E8)/E8-1 -> 0.22360227 | K8: =H8/$H$28 -> 0.11754182 | L8: =IFERROR(VLOOKUP(B8,GICS!A:C,3,0),0) -> Materiales | S8: Consumo discrecional | T8: =SUMIF($L$6:$L$26,S8,$K$6:$K$26) -> 0.20001945 | U8: =SUMIF($L$6:$L$26,$S8,$K$39:$K$59) -> 0.1998335 | V8: =SUMIF($L$6:$L$26,$S8,$I$71:$I$91) -> 0.200564 | W8: {=IFERROR(INDEX(S$6:S$17, SMALL(IF(T$6:T$17>0, ROW(S$6:S$17)-ROW(S$6)+1), ROW(A3))),$W$4)} -> Materiales | X8: {=IF($W8="", "", INDEX(T$6:T$17, MATCH($W8, $S$6:$S$17, 0)))} -> 0.23421051 | Y8: {=IF($W8="", "", INDEX(U$6:U$17, MATCH($W8, $S$6:$S$17, 0)))} -> 0.23448287 | Z8: {=IF($W8="", "", INDEX(V$6:V$17, MATCH($W8, $S$6:$S$17, 0)))} -> 0.234409
B9: {=IF(ROW(A4) <= COUNTA(_xlfn._xlws.FILTER('Último rebalanceo'!B$7:B$41, ('Último rebalanceo'!$K$7:$K$41>0)*ISNUMBER('Último rebalanceo'!$K$7:$K$41))), INDEX(_xlfn._xlws.FILTER('Último rebalanceo'!B$7:$B$41, ('Último rebalanceo'!$K$7:$K$41>0)*ISNUMBER('Último rebalanceo'!$K$7:$K$41)), ROW(A4)), "0")} -> CUERVO | C9: =IFERROR(VLOOKUP($B9,'Último rebalanceo'!$B$7:$H$41,2,0),0) -> Becle, S.A. De C.V. | D9: =IFERROR(VLOOKUP($B9,'Último rebalanceo'!$B$7:$L$41,10,0),0) -> 128 | E9: =IFERROR(VLOOKUP($B9,'Último rebalanceo'!$B$7:$L$41,11,0),0) -> 26.379999 | F9: =D9*E9 -> 3376.6399 | G9: =IFERROR(VLOOKUP($B9,'Último rebalanceo'!$B$7:$H$41,7,0),0) -> 22.67 | H9: =D9*G9 -> 2901.76 | I9: 0 | J9: =(G9+I9/E9)/E9-1 -> -0.14063681 | K9: =H9/$H$28 -> 0.066761958 | L9: =IFERROR(VLOOKUP(B9,GICS!A:C,3,0),0) -> Consumo discrecional | S9: Materiales | T9: =SUMIF($L$6:$L$26,S9,$K$6:$K$26) -> 0.23421051 | U9: =SUMIF($L$6:$L$26,$S9,$K$39:$K$59) -> 0.23448287 | V9: =SUMIF($L$6:$L$26,$S9,$I$71:$I$91) -> 0.234409 | W9: {=IFERROR(INDEX(S$6:S$17, SMALL(IF(T$6:T$17>0, ROW(S$6:S$17)-ROW(S$6)+1), ROW(A4))),$W$4)} -> Financiero | X9: {=IF($W9="", "", INDEX(T$6:T$17, MATCH($W9, $S$6:$S$17, 0)))} -> 0.36400884 | Y9: {=IF($W9="", "", INDEX(U$6:U$17, MATCH($W9, $S$6:$S$17, 0)))} -> 0.36509218 | Z9: {=IF($W9="", "", INDEX(V$6:V$17, MATCH($W9, $S$6:$S$17, 0)))} -> 0.36635299
B10: {=IF(ROW(A5) <= COUNTA(_xlfn._xlws.FILTER('Último rebalanceo'!B$7:B$41, ('Último rebalanceo'!$K$7:$K$41>0)*ISNUMBER('Último rebalanceo'!$K$7:$K$41))), INDEX(_xlfn._xlws.FILTER('Último rebalanceo'!B$7:$B$41, ('Último rebalanceo'!$K$7:$K$41>0)*ISNUMBER('Último rebalanceo'!$K$7:$K$41)), ROW(A5)), "0")} -> Q | C10: =IFERROR(VLOOKUP($B10,'Último rebalanceo'!$B$7:$H$41,2,0),0) -> Qualitas Controladora S.A.B de C.V. | D10: =IFERROR(VLOOKUP($B10,'Último rebalanceo'!$B$7:$L$41,10,0),0) -> 13 | E10: =IFERROR(VLOOKUP($B10,'Último rebalanceo'!$B$7:$L$41,11,0),0) -> 139.05 | F10: =D10*E10 -> 1807.65 | G10: =IFERROR(VLOOKUP($B10,'Último rebalanceo'!$B$7:$H$41,7,0),0) -> 216.95 | H10: =D10*G10 -> 2820.35 | I10: 205.2 | J10: =(G10+I10/E10)/E10-1 -> 0.57084301 | K10: =H10/$H$28 -> 0.064888925 | L10: =IFERROR(VLOOKUP(B10,GICS!A:C,3,0),0) -> Financiero | S10: Financiero | T10: =SUMIF($L$6:$L$26,S10,$K$6:$K$26) -> 0.36400884 | U10: =SUMIF($L$6:$L$26,$S10,$K$39:$K$59) -> 0.36509218 | V10: =SUMIF($L$6:$L$26,$S10,$I$71:$I$91) -> 0.36635299 | W10: {=IFERROR(INDEX(S$6:S$17, SMALL(IF(T$6:T$17>0, ROW(S$6:S$17)-ROW(S$6)+1), ROW(A5))),$W$4)} -> Servicios de comunicación | X10: {=IF($W10="", "", INDEX(T$6:T$17, MATCH($W10, $S$6:$S$17, 0)))} -> 0.066944638 | Y10: {=IF($W10="", "", INDEX(U$6:U$17, MATCH($W10, $S$6:$S$17, 0)))} -> 0.066675513 | Z10: {=IF($W10="", "", INDEX(V$6:V$17, MATCH($W10, $S$6:$S$17, 0)))} -> 0.066780001
B11: {=IF(ROW(A6) <= COUNTA(_xlfn._xlws.FILTER('Último rebalanceo'!B$7:B$41, ('Último rebalanceo'!$K$7:$K$41>0)*ISNUMBER('Último rebalanceo'!$K$7:$K$41))), INDEX(_xlfn._xlws.FILTER('Último rebalanceo'!B$7:$B$41, ('Último rebalanceo'!$K$7:$K$41>0)*ISNUMBER('Último rebalanceo'!$K$7:$K$41)), ROW(A6)), "0")} -> BOLSAA | C11: =IFERROR(VLOOKUP($B11,'Último rebalanceo'!$B$7:$H$41,2,0),0) -> Bolsa Mexicana de Valores SA de CV | D11: =IFERROR(VLOOKUP($B11,'Último rebalanceo'!$B$7:$L$41,10,0),0) -> 123 | E11: =IFERROR(VLOOKUP($B11,'Último rebalanceo'!$B$7:$L$41,11,0),0) -> 41.32 | F11: =D11*E11 -> 5082.36 | G11: =IFERROR(VLOOKUP($B11,'Último rebalanceo'!$B$7:$H$41,7,0),0) -> 41.32 | H11: =D11*G11 -> 5082.36 | I11: 0 | J11: =(G11+I11/E11)/E11-1 -> 0 | K11: =H11/$H$28 -> 0.1169319 | L11: =IFERROR(VLOOKUP(B11,GICS!A:C,3,0),0) -> Financiero | S11: Cuidado de la salud | T11: =SUMIF($L$6:$L$26,S11,$K$6:$K$26) -> 0 | U11: =SUMIF($L$6:$L$26,$S11,$K$39:$K$59) -> 0 | V11: =SUMIF($L$6:$L$26,$S11,$I$71:$I$91) -> 0 | W11: {=IFERROR(INDEX(S$6:S$17, SMALL(IF(T$6:T$17>0, ROW(S$6:S$17)-ROW(S$6)+1), ROW(A6))),$W$4)} -> Efectivo | X11: {=IF($W11="", "", INDEX(T$6:T$17, MATCH($W11, $S$6:$S$17, 0)))} -> 0.0046439098 | Y11: {=IF($W11="", "", INDEX(U$6:U$17, MATCH($W11, $S$6:$S$17, 0)))} -> 0.00355423 | Z11: {=IF($W11="", "", INDEX(V$6:V$17, MATCH($W11, $S$6:$S$17, 0)))} -> 0.0013280168
B12: {=IF(ROW(A7) <= COUNTA(_xlfn._xlws.FILTER('Último rebalanceo'!B$7:B$41, ('Último rebalanceo'!$K$7:$K$41>0)*ISNUMBER('Último rebalanceo'!$K$7:$K$41))), INDEX(_xlfn._xlws.FILTER('Último rebalanceo'!B$7:$B$41, ('Último rebalanceo'!$K$7:$K$41>0)*ISNUMBER('Último rebalanceo'!$K$7:$K$41)), ROW(A7)), "0")} -> GENTERA | C12: =IFERROR(VLOOKUP($B12,'Último rebalanceo'!$B$7:$H$41,2,0),0) -> Gentera SAB de CV | D12: =IFERROR(VLOOKUP($B12,'Último rebalanceo'!$B$7:$L$41,10,0),0) -> 148 | E12: =IFERROR(VLOOKUP($B12,'Último rebalanceo'!$B$7:$L$41,11,0),0) -> 34.189999 | F12: =D12*E12 -> 5060.1198 | G12: =IFERROR(VLOOKUP($B12,'Último rebalanceo'!$B$7:$H$41,7,0),0) -> 34.189999 | H12: =D12*G12 -> 5060.1198 | I12: 221.18674 | J12: =(G12+I12/E12)/E12-1 -> 0.18921733 | K12: =H12/$H$28 -> 0.11642021 | L12: =IFERROR(VLOOKUP(B12,GICS!A:C,3,0),0) -> Financiero | S12: TI | T12: =SUMIF($L$6:$L$26,S12,$K$6:$K$26) -> 0 | U12: =SUMIF($L$6:$L$26,$S12,$K$39:$K$59) -> 0 | V12: =SUMIF($L$6:$L$26,$S12,$I$71:$I$91) -> 0 | W12: {=IFERROR(INDEX(S$6:S$17, SMALL(IF(T$6:T$17>0, ROW(S$6:S$17)-ROW(S$6)+1), ROW(A7))),$W$4)} -> #NA | X12: {=IF($W12="", "", INDEX(T$6:T$17, MATCH($W12, $S$6:$S$17, 0)))} -> #N/A | Y12: {=IF($W12="", "", INDEX(U$6:U$17, MATCH($W12, $S$6:$S$17, 0)))} -> #N/A | Z12: {=IF($W12="", "", INDEX(V$6:V$17, MATCH($W12, $S$6:$S$17, 0)))} -> #N/A
B13: {=IF(ROW(A8) <= COUNTA(_xlfn._xlws.FILTER('Último rebalanceo'!B$7:B$41, ('Último rebalanceo'!$K$7:$K$41>0)*ISNUMBER('Último rebalanceo'!$K$7:$K$41))), INDEX(_xlfn._xlws.FILTER('Último rebalanceo'!B$7:$B$41, ('Último rebalanceo'!$K$7:$K$41>0)*ISNUMBER('Último rebalanceo'!$K$7:$K$41)), ROW(A8)), "0")} -> GFNORTEO | C13: =IFERROR(VLOOKUP($B13,'Último rebalanceo'!$B$7:$H$41,2,0),0) -> Grupo Financiero Banorte O | D13: =IFERROR(VLOOKUP($B13,'Último rebalanceo'!$B$7:$L$41,10,0),0) -> 17 | E13: =IFERROR(VLOOKUP($B13,'Último rebalanceo'!$B$7:$L$41,11,0),0) -> 168.14999 | F13: =D13*E13 -> 2858.5499 | G13: =IFERROR(VLOOKUP($B13,'Último rebalanceo'!$B$7:$H$41,7,0),0) -> 168.14999 | H13: =D13*G13 -> 2858.5499 | I13: 87.181905 | J13: =(G13+I13/E13)/E13-1 -> 0.0030834197 | K13: =H13/$H$28 -> 0.065767806 | L13: =IFERROR(VLOOKUP(B13,GICS!A:C,3,0),0) -> Financiero | S13: Inmobiliario | T13: =SUMIF($L$6:$L$26,S13,$K$6:$K$26) -> 0 | U13: =SUMIF($L$6:$L$26,$S13,$K$39:$K$59) -> 0 | V13: =SUMIF($L$6:$L$26,$S13,$I$71:$I$91) -> 0 | W13: {=IFERROR(INDEX(S$6:S$17, SMALL(IF(T$6:T$17>0, ROW(S$6:S$17)-ROW(S$6)+1), ROW(A8))),$W$4)} -> #NA | X13: {=IF($W13="", "", INDEX(T$6:T$17, MATCH($W13, $S$6:$S$17, 0)))} -> #N/A | Y13: {=IF($W13="", "", INDEX(U$6:U$17, MATCH($W13, $S$6:$S$17, 0)))} -> #N/A | Z13: {=IF($W13="", "", INDEX(V$6:V$17, MATCH($W13, $S$6:$S$17, 0)))} -> #N/A
B14: {=IF(ROW(A9) <= COUNTA(_xlfn._xlws.FILTER('Último rebalanceo'!B$7:B$41, ('Último rebalanceo'!$K$7:$K$41>0)*ISNUMBER('Último rebalanceo'!$K$7:$K$41))), INDEX(_xlfn._xlws.FILTER('Último rebalanceo'!B$7:$B$41, ('Último rebalanceo'!$K$7:$K$41>0)*ISNUMBER('Último rebalanceo'!$K$7:$K$41)), ROW(A9)), "0")} -> MEGACPO | C14: =IFERROR(VLOOKUP($B14,'Último rebalanceo'!$B$7:$H$41,2,0),0) -> Megacable Holdings SAB de CV | D14: =IFERROR(VLOOKUP($B14,'Último rebalanceo'!$B$7:$L$41,10,0),0) -> 61 | E14: =IFERROR(VLOOKUP($B14,'Último rebalanceo'!$B$7:$L$41,11,0),0) -> 47.700001 | F14: =D14*E14 -> 2909.7 | G14: =IFERROR(VLOOKUP($B14,'Último rebalanceo'!$B$7:$H$41,7,0),0) -> 47.700001 | H14: =D14*G14 -> 2909.7 | I14: 496 | J14: =(G14+I14/E14)/E14-1 -> 0.21799418 | K14: =H14/$H$28 -> 0.066944638 | L14: =IFERROR(VLOOKUP(B14,GICS!A:C,3,0),0) -> Servicios de comunicación | S14: Servicios básicos | T14: =SUMIF($L$6:$L$26,S14,$K$6:$K$26) -> 0 | U14: =SUMIF($L$6:$L$26,$S14,$K$39:$K$59) -> 0 | V14: =SUMIF($L$6:$L$26,$S14,$I$71:$I$91) -> 0 | W14: {=IFERROR(INDEX(S$6:S$17, SMALL(IF(T$6:T$17>0, ROW(S$6:S$17)-ROW(S$6)+1), ROW(A9))),$W$4)} -> #NA | X14: {=IF($W14="", "", INDEX(T$6:T$17, MATCH($W14, $S$6:$S$17, 0)))} -> #N/A | Y14: {=IF($W14="", "", INDEX(U$6:U$17, MATCH($W14, $S$6:$S$17, 0)))} -> #N/A | Z14: {=IF($W14="", "", INDEX(V$6:V$17, MATCH($W14, $S$6:$S$17, 0)))} -> #N/A
B15: {=IF(ROW(A10) <= COUNTA(_xlfn._xlws.FILTER('Último rebalanceo'!B$7:B$41, ('Último rebalanceo'!$K$7:$K$41>0)*ISNUMBER('Último rebalanceo'!$K$7:$K$41))), INDEX(_xlfn._xlws.FILTER('Último rebalanceo'!B$7:$B$41, ('Último rebalanceo'!$K$7:$K$41>0)*ISNUMBER('Último rebalanceo'!$K$7:$K$41)), ROW(A10)), "0")} -> OMAB | C15: =IFERROR(VLOOKUP($B15,'Último rebalanceo'!$B$7:$H$41,2,0),0) -> Grupo Aeroportuario del Centro Norte, S.A.B. de C.V. | D15: =IFERROR(VLOOKUP($B15,'Último rebalanceo'!$B$7:$L$41,10,0),0) -> 13 | E15: =IFERROR(VLOOKUP($B15,'Último rebalanceo'!$B$7:$L$41,11,0),0) -> 215.78999 | F15: =D15*E15 -> 2805.2699 | G15: =IFERROR(VLOOKUP($B15,'Último rebalanceo'!$B$7:$H$41,7,0),0) -> 215.78999 | H15: =D15*G15 -> 2805.2699 | I15: 433.97843 | J15: =(G15+I15/E15)/E15-1 -> 0.0093197775 | K15: =H15/$H$28 -> 0.064541972 | L15: =IFERROR(VLOOKUP(B15,GICS!A:C,3,0),0) -> Industrial | S15: Energía | T15: =SUMIF($L$6:$L$26,S15,$K$6:$K$26) -> 0 | U15: =SUMIF($L$6:$L$26,$S15,$K$39:$K$59) -> 0 | V15: =SUMIF($L$6:$L$26,$S15,$I$71:$I$91) -> 0 | W15: {=IFERROR(INDEX(S$6:S$17, SMALL(IF(T$6:T$17>0, ROW(S$6:S$17)-ROW(S$6)+1), ROW(A10))),$W$4)} -> #NA | X15: {=IF($W15="", "", INDEX(T$6:T$17, MATCH($W15, $S$6:$S$17, 0)))} -> #N/A | Y15: {=IF($W15="", "", INDEX(U$6:U$17, MATCH($W15, $S$6:$S$17, 0)))} -> #N/A | Z15: {=IF($W15="", "", INDEX(V$6:V$17, MATCH($W15, $S$6:$S$17, 0)))} -> #N/A
B16: {=IF(ROW(A11) <= COUNTA(_xlfn._xlws.FILTER('Último rebalanceo'!B$7:B$41, ('Último rebalanceo'!$K$7:$K$41>0)*ISNUMBER('Último rebalanceo'!$K$7:$K$41))), INDEX(_xlfn._xlws.FILTER('Último rebalanceo'!B$7:$B$41, ('Último rebalanceo'!$K$7:$K$41>0)*ISNUMBER('Último rebalanceo'!$K$7:$K$41)), ROW(A11)), "0")} -> ORBIA | C16: =IFERROR(VLOOKUP($B16,'Último rebalanceo'!$B$7:$H$41,2,0),0) -> ORBIA ADVANCE CORPORATION SAB de CV | D16: =IFERROR(VLOOKUP($B16,'Último rebalanceo'!$B$7:$L$41,10,0),0) -> 383 | E16: =IFERROR(VLOOKUP($B16,'Último rebalanceo'!$B$7:$L$41,11,0),0) -> 13.24 | F16: =D16*E16 -> 5070.9199 | G16: =IFERROR(VLOOKUP($B16,'Último rebalanceo'!$B$7:$H$41,7,0),0) -> 13.24 | H16: =D16*G16 -> 5070.9199 | I16: 53.281184 | J16: =(G16+I16/E16)/E16-1 -> 0.30394704 | K16: =H16/$H$28 -> 0.11666869 | L16: =IFERROR(VLOOKUP(B16,GICS!A:C,3,0),0) -> Materiales | S16: Servicios de comunicación | T16: =SUMIF($L$6:$L$26,S16,$K$6:$K$26) -> 0.066944638 | U16: =SUMIF($L$6:$L$26,$S16,$K$39:$K$59) -> 0.066675513 | V16: =SUMIF($L$6:$L$26,$S16,$I$71:$I$91) -> 0.066780001 | W16: {=IFERROR(INDEX(S$6:S$17, SMALL(IF(T$6:T$17>0, ROW(S$6:S$17)-ROW(S$6)+1), ROW(A11))),$W$4)} -> #NA | X16: {=IF($W16="", "", INDEX(T$6:T$17, MATCH($W16, $S$6:$S$17, 0)))} -> #N/A | Y16: {=IF($W16="", "", INDEX(U$6:U$17, MATCH($W16, $S$6:$S$17, 0)))} -> #N/A | Z16: {=IF($W16="", "", INDEX(V$6:V$17, MATCH($W16, $S$6:$S$17, 0)))} -> #N/A
B17: {=IF(ROW(A12) <= COUNTA(_xlfn._xlws.FILTER('Último rebalanceo'!B$7:B$41, ('Último rebalanceo'!$K$7:$K$41>0)*ISNUMBER('Último rebalanceo'!$K$7:$K$41))), INDEX(_xlfn._xlws.FILTER('Último rebalanceo'!B$7:$B$41, ('Último rebalanceo'!$K$7:$K$41>0)*ISNUMBER('Último rebalanceo'!$K$7:$K$41)), ROW(A12)), "0")} -> PINFRA | C17: =IFERROR(VLOOKUP($B17,'Último rebalanceo'!$B$7:$H$41,2,0),0) -> Promotora y Operadora de Infraestructura SAB de CV | D17: =IFERROR(VLOOKUP($B17,'Último rebalanceo'!$B$7:$L$41,10,0),0) -> 13 | E17: =IFERROR(VLOOKUP($B17,'Último rebalanceo'!$B$7:$L$41,11,0),0) -> 219.42999 | F17: =D17*E17 -> 2852.5899 | G17: =IFERROR(VLOOKUP($B17,'Último rebalanceo'!$B$7:$H$41,7,0),0) -> 219.42999 | H17: =D17*G17 -> 2852.5899 | I17: 47.796912 | J17: =(G17+I17/E17)/E17-1 -> 0.00099267678 | K17: =H17/$H$28 -> 0.065630682 | L17: =IFERROR(VLOOKUP(B17,GICS!A:C,3,0),0) -> Industrial | S17: Efectivo | T17: =SUMIF($L$6:$L$26,S17,$K$6:$K$26) -> 0.0046439098 | U17: =SUMIF($L$6:$L$26,$S17,$K$39:$K$59) -> 0.00355423 | V17: =SUMIF($L$6:$L$26,$S17,$I$71:$I$91) -> 0.0013280168 | W17: {=IFERROR(INDEX(S$6:S$17, SMALL(IF(T$6:T$17>0, ROW(S$6:S$17)-ROW(S$6)+1), ROW(A12))),$W$4)} -> #NA | X17: {=IF($W17="", "", INDEX(T$6:T$17, MATCH($W17, $S$6:$S$17, 0)))} -> #N/A | Y17: {=IF($W17="", "", INDEX(U$6:U$17, MATCH($W17, $S$6:$S$17, 0)))} -> #N/A | Z17: {=IF($W17="", "", INDEX(V$6:V$17, MATCH($W17, $S$6:$S$17, 0)))} -> #N/A
B18: {=IF(ROW(A13) <= COUNTA(_xlfn._xlws.FILTER('Último rebalanceo'!B$7:B$41, ('Último rebalanceo'!$K$7:$K$41>0)*ISNUMBER('Último rebalanceo'!$K$7:$K$41))), INDEX(_xlfn._xlws.FILTER('Último rebalanceo'!B$7:$B$41, ('Último rebalanceo'!$K$7:$K$41>0)*ISNUMBER('Último rebalanceo'!$K$7:$K$41)), ROW(A13)), "0")} -> 0 | C18: =IFERROR(VLOOKUP($B18,'Último rebalanceo'!$B$7:$H$41,2,0),0) -> 0 | D18: =IFERROR(VLOOKUP($B18,'Último rebalanceo'!$B$7:$L$41,10,0),0) -> 0 | E18: =IFERROR(VLOOKUP($B18,'Último rebalanceo'!$B$7:$L$41,11,0),0) -> 0 | F18: =D18*E18 -> 0 | G18: =IFERROR(VLOOKUP($B18,'Último rebalanceo'!$B$7:$H$41,7,0),0) -> 0 | H18: =D18*G18 -> 0 | I18: 0 | J18: =(G18+I18/E18)/E18-1 -> #DIV/0! | K18: =H18/$H$28 -> 0 | L18: =IFERROR(VLOOKUP(B18,GICS!A:C,3,0),0) -> 0
B19: {=IF(ROW(A14) <= COUNTA(_xlfn._xlws.FILTER('Último rebalanceo'!B$7:B$41, ('Último rebalanceo'!$K$7:$K$41>0)*ISNUMBER('Último rebalanceo'!$K$7:$K$41))), INDEX(_xlfn._xlws.FILTER('Último rebalanceo'!B$7:$B$41, ('Último rebalanceo'!$K$7:$K$41>0)*ISNUMBER('Último rebalanceo'!$K$7:$K$41)), ROW(A14)), "0")} -> 0 | C19: =IFERROR(VLOOKUP($B19,'Último rebalanceo'!$B$7:$H$41,2,0),0) -> 0 | D19: =IFERROR(VLOOKUP($B19,'Último rebalanceo'!$B$7:$L$41,10,0),0) -> 0 | E19: =IFERROR(VLOOKUP($B19,'Último rebalanceo'!$B$7:$L$41,11,0),0) -> 0 | F19: =D19*E19 -> 0 | G19: =IFERROR(VLOOKUP($B19,'Último rebalanceo'!$B$7:$H$41,7,0),0) -> 0 | H19: =D19*G19 -> 0 | I19: 0 | J19: =(G19+I19/E19)/E19-1 -> #DIV/0! | K19: =H19/$H$28 -> 0 | L19: =IFERROR(VLOOKUP(B19,GICS!A:C,3,0),0) -> 0
B20: {=IF(ROW(A15) <= COUNTA(_xlfn._xlws.FILTER('Último rebalanceo'!B$7:B$41, ('Último rebalanceo'!$K$7:$K$41>0)*ISNUMBER('Último rebalanceo'!$K$7:$K$41))), INDEX(_xlfn._xlws.FILTER('Último rebalanceo'!B$7:$B$41, ('Último rebalanceo'!$K$7:$K$41>0)*ISNUMBER('Último rebalanceo'!$K$7:$K$41)), ROW(A15)), "0")} -> 0 | C20: =IFERROR(VLOOKUP($B20,'Último rebalanceo'!$B$7:$H$41,2,0),0) -> 0 | D20: =IFERROR(VLOOKUP($B20,'Último rebalanceo'!$B$7:$L$41,10,0),0) -> 0 | E20: =IFERROR(VLOOKUP($B20,'Último rebalanceo'!$B$7:$L$41,11,0),0) -> 0 | F20: =D20*E20 -> 0 | G20: =IFERROR(VLOOKUP($B20,'Último rebalanceo'!$B$7:$H$41,7,0),0) -> 0 | H20: =D20*G20 -> 0 | I20: 0 | J20: =(G20+I20/E20)/E20-1 -> #DIV/0! | K20: =H20/$H$28 -> 0 | L20: =IFERROR(VLOOKUP(B20,GICS!A:C,3,0),0) -> 0
B21: {=IF(ROW(A16) <= COUNTA(_xlfn._xlws.FILTER('Último rebalanceo'!B$7:B$41, ('Último rebalanceo'!$K$7:$K$41>0)*ISNUMBER('Último rebalanceo'!$K$7:$K$41))), INDEX(_xlfn._xlws.FILTER('Último rebalanceo'!B$7:$B$41, ('Último rebalanceo'!$K$7:$K$41>0)*ISNUMBER('Último rebalanceo'!$K$7:$K$41)), ROW(A16)), "0")} -> 0 | C21: =IFERROR(VLOOKUP($B21,'Último rebalanceo'!$B$7:$H$41,2,0),0) -> 0 | D21: =IFERROR(VLOOKUP($B21,'Último rebalanceo'!$B$7:$L$41,10,0),0) -> 0 | E21: =IFERROR(VLOOKUP($B21,'Último rebalanceo'!$B$7:$L$41,11,0),0) -> 0 | F21: =D21*E21 -> 0 | G21: =IFERROR(VLOOKUP($B21,'Último rebalanceo'!$B$7:$H$41,7,0),0) -> 0 | H21: =D21*G21 -> 0 | I21: 0 | J21: =(G21+I21/E21)/E21-1 -> #DIV/0! | K21: =H21/$H$28 -> 0 | L21: =IFERROR(VLOOKUP(B21,GICS!A:C,3,0),0) -> 0
B22: {=IF(ROW(A17) <= COUNTA(_xlfn._xlws.FILTER('Último rebalanceo'!B$7:B$41, ('Último rebalanceo'!$K$7:$K$41>0)*ISNUMBER('Último rebalanceo'!$K$7:$K$41))), INDEX(_xlfn._xlws.FILTER('Último rebalanceo'!B$7:$B$41, ('Último rebalanceo'!$K$7:$K$41>0)*ISNUMBER('Último rebalanceo'!$K$7:$K$41)), ROW(A17)), "0")} -> 0 | C22: =IFERROR(VLOOKUP($B22,'Último rebalanceo'!$B$7:$H$41,2,0),0) -> 0 | D22: =IFERROR(VLOOKUP($B22,'Último rebalanceo'!$B$7:$L$41,10,0),0) -> 0 | E22: =IFERROR(VLOOKUP($B22,'Último rebalanceo'!$B$7:$L$41,11,0),0) -> 0 | F22: =D22*E22 -> 0 | G22: =IFERROR(VLOOKUP($B22,'Último rebalanceo'!$B$7:$H$41,7,0),0) -> 0 | H22: =D22*G22 -> 0 | I22: 0 | J22: =(G22+I22/E22)/E22-1 -> #DIV/0! | K22: =H22/$H$28 -> 0 | L22: =IFERROR(VLOOKUP(B22,GICS!A:C,3,0),0) -> 0
B23: {=IF(ROW(A18) <= COUNTA(_xlfn._xlws.FILTER('Último rebalanceo'!B$7:B$41, ('Último rebalanceo'!$K$7:$K$41>0)*ISNUMBER('Último rebalanceo'!$K$7:$K$41))), INDEX(_xlfn._xlws.FILTER('Último rebalanceo'!B$7:$B$41, ('Último rebalanceo'!$K$7:$K$41>0)*ISNUMBER('Último rebalanceo'!$K$7:$K$41)), ROW(A18)), "0")} -> 0 | C23: =IFERROR(VLOOKUP($B23,'Último rebalanceo'!$B$7:$H$41,2,0),0) -> 0 | D23: =IFERROR(VLOOKUP($B23,'Último rebalanceo'!$B$7:$L$41,10,0),0) -> 0 | E23: =IFERROR(VLOOKUP($B23,'Último rebalanceo'!$B$7:$L$41,11,0),0) -> 0 | F23: =D23*E23 -> 0 | G23: =IFERROR(VLOOKUP($B23,'Último rebalanceo'!$B$7:$H$41,7,0),0) -> 0 | H23: =D23*G23 -> 0 | I23: 0 | J23: =(G23+I23/E23)/E23-1 -> #DIV/0! | K23: =H23/$H$28 -> 0 | L23: =IFERROR(VLOOKUP(B23,GICS!A:C,3,0),0) -> 0
B24: {=IF(ROW(A19) <= COUNTA(_xlfn._xlws.FILTER('Último rebalanceo'!B$7:B$41, ('Último rebalanceo'!$K$7:$K$41>0)*ISNUMBER('Último rebalanceo'!$K$7:$K$41))), INDEX(_xlfn._xlws.FILTER('Último rebalanceo'!B$7:$B$41, ('Último rebalanceo'!$K$7:$K$41>0)*ISNUMBER('Último rebalanceo'!$K$7:$K$41)), ROW(A19)), "0")} -> 0 | C24: =IFERROR(VLOOKUP($B24,'Último rebalanceo'!$B$7:$H$41,2,0),0) -> 0 | D24: =IFERROR(VLOOKUP($B24,'Último rebalanceo'!$B$7:$L$41,10,0),0) -> 0 | E24: =IFERROR(VLOOKUP($B24,'Último rebalanceo'!$B$7:$L$41,11,0),0) -> 0 | F24: =D24*E24 -> 0 | G24: =IFERROR(VLOOKUP($B24,'Último rebalanceo'!$B$7:$H$41,7,0),0) -> 0 | H24: =D24*G24 -> 0 | I24: 0 | J24: =(G24+I24/E24)/E24-1 -> #DIV/0! | K24: =H24/$H$28 -> 0 | L24: =IFERROR(VLOOKUP(B24,GICS!A:C,3,0),0) -> 0
B25: {=IF(ROW(A20) <= COUNTA(_xlfn._xlws.FILTER('Último rebalanceo'!B$7:B$41, ('Último rebalanceo'!$K$7:$K$41>0)*ISNUMBER('Último rebalanceo'!$K$7:$K$41))), INDEX(_xlfn._xlws.FILTER('Último rebalanceo'!B$7:$B$41, ('Último rebalanceo'!$K$7:$K$41>0)*ISNUMBER('Último rebalanceo'!$K$7:$K$41)), ROW(A20)), "0")} -> 0 | C25: =IFERROR(VLOOKUP($B25,'Último rebalanceo'!$B$7:$H$41,2,0),0) -> 0 | D25: =IFERROR(VLOOKUP($B25,'Último rebalanceo'!$B$7:$L$41,10,0),0) -> 0 | E25: =IFERROR(VLOOKUP($B25,'Último rebalanceo'!$B$7:$L$41,11,0),0) -> 0 | F25: =D25*E25 -> 0 | G25: =IFERROR(VLOOKUP($B25,'Último rebalanceo'!$B$7:$H$41,7,0),0) -> 0 | H25: =D25*G25 -> 0 | I25: 0 | J25: =(G25+I25/E25)/E25-1 -> #DIV/0! | K25: =H25/$H$28 -> 0 | L25: =IFERROR(VLOOKUP(B25,GICS!A:C,3,0),0) -> 0
B26: ='Último rebalanceo'!B42 -> EFECTIVO | C26: =IFERROR(VLOOKUP($B26,'Último rebalanceo'!$B$7:$H$41,2,0),0) -> 0 | D26: ='Último rebalanceo'!K42 -> 201.84417 | E26: =IFERROR(VLOOKUP($B26,'Último rebalanceo'!$B$7:$L$41,11,0),0) -> 0 | F26: =D26*E26 -> 0 | G26: =IFERROR(VLOOKUP($B26,'Último rebalanceo'!$B$7:$H$41,7,0),0) -> 0 | H26: =D26 -> 201.84417 | I26: 0.16989916 | K26: =H26/$H$28 -> 0.0046439098 | L26: Efectivo
B28: TOTAL | H28: =SUM(H6:H26) -> 43464.273 | I28: Rend. Simple | J28: =H28/D3-1 -> 0.73857094 | K28: =SUM(K6:K26) -> 1
I29: Rend. Logarítmico | J29: =LN(H28/D3) -> 0.55306348
B31: SEGUIMIENTO HISTÓRICO DE MI PORTAFOLIO
B32: Valor inicial portafolio | D32: 15000
B33: Aportaciones netas históricas (depósitos - retiros) | D33: 0
B34: PUEDES AGREGAR LOS DIVIDENDOS COBRADOS HISTÓRICOS POR EMISORA PARA CALCULAR SU RENDIMIENTO TOTAL (SI NO SE AGREGAN, SE VUELVE RENDIMIENTO SIMPLE). AGREGARLOS O NO, NO AFECTA EL CÁLCULO DEL RENDIMIENTO TOTAL DEL PORTAFOLIO
B37: Mi Portafolio
B38: Ticker | C38: Compañía | D38: Títulos | E38: Costo Promedio Ponderado | F38: Costo total | G38: Último Cierre de mercado | H38: Valor mercado | I38: Dividendos Cobrados Totales | J38: Rendimiento Total Actual | K38: % Mi Portafolio | L38: % Portafolio Modelo | M38: Diferencia vs Portafolio Modelo
B39: =B6 -> ALSEA | C39: =C6 -> Alsea SA | D39: =IFERROR(VLOOKUP(B39,'Último rebalanceo'!$B$90:$K$124,10,0),0) -> 46 | E39: =IFERROR(VLOOKUP(B39,'Último rebalanceo'!$B$90:$L$124,11,0),0) -> 42.323262 | F39: =D39*E39 -> 1946.8701 | G39: =G6 -> 43.970001 | H39: =D39*G39 -> 2022.6201 | I39: 0 | J39: =(H39+I39)/F39-1 -> 0.038908609 | K39: =H39/$H$61 -> 0.067315178 | L39: =K6 -> 0.066767942 | M39: =K39-L39 -> 0.00054723599
B40: =B7 -> LIVEPOLC-1 | C40: =C7 -> El Puerto de Liverpool SAB de CV | D40: =IFERROR(VLOOKUP(B40,'Último rebalanceo'!$B$90:$K$124,10,0),0) -> 22 | E40: =IFERROR(VLOOKUP(B40,'Último rebalanceo'!$B$90:$L$124,11,0),0) -> 103.73 | F40: =D40*E40 -> 2282.06 | G40: =G7 -> 90.309998 | H40: =D40*G40 -> 1986.8199 | I40: 0 | J40: =(H40+I40)/F40-1 -> -0.12937436 | K40: =H40/$H$61 -> 0.066123708 | L40: =K7 -> 0.066489549 | M40: =K40-L40 -> -0.00036584062
B41: =B8 -> PE&OLES | C41: =C8 -> Industrias Penoles | D41: =IFERROR(VLOOKUP(B41,'Último rebalanceo'!$B$90:$K$124,10,0),0) -> 9 | E41: =IFERROR(VLOOKUP(B41,'Último rebalanceo'!$B$90:$L$124,11,0),0) -> 250.63444 | F41: =D41*E41 -> 2255.71 | G41: =G8 -> 392.98999 | H41: =D41*G41 -> 3536.9099 | I41: 0 | J41: =(H41+I41)/F41-1 -> 0.56798081 | K41: =H41/$H$61 -> 0.11771253 | L41: =K8 -> 0.11754182 | M41: =K41-L41 -> 0.00017070627
B42: =B9 -> CUERVO | C42: =C9 -> Becle, S.A. De C.V. | D42: =IFERROR(VLOOKUP(B42,'Último rebalanceo'!$B$90:$K$124,10,0),0) -> 88 | E42: =IFERROR(VLOOKUP(B42,'Último rebalanceo'!$B$90:$L$124,11,0),0) -> 22.524773 | F42: =D42*E42 -> 1982.18 | G42: =G9 -> 22.67 | H42: =D42*G42 -> 1994.96 | I42: 0 | J42: =(H42+I42)/F42-1 -> 0.0064474468 | K42: =H42/$H$61 -> 0.066394619 | L42: =K9 -> 0.066761958 | M42: =K42-L42 -> -0.00036733948
B43: =B10 -> Q | C43: =C10 -> Qualitas Controladora S.A.B de C.V. | D43: =IFERROR(VLOOKUP(B43,'Último rebalanceo'!$B$90:$K$124,10,0),0) -> 9 | E43: =IFERROR(VLOOKUP(B43,'Último rebalanceo'!$B$90:$L$124,11,0),0) -> 196.77 | F43: =D43*E43 -> 1770.93 | G43: =G10 -> 216.95 | H43: =D43*G43 -> 1952.55 | I43: 0 | J43: =(H43+I43)/F43-1 -> 0.10255628 | K43: =H43/$H$61 -> 0.064983163 | L43: =K10 -> 0.064888925 | M43: =K43-L43 -> 9.4238339e-05
B44: =B11 -> BOLSAA | C44: =C11 -> Bolsa Mexicana de Valores SA de CV | D44: =IFERROR(VLOOKUP(B44,'Último rebalanceo'!$B$90:$K$124,10,0),0) -> 85 | E44: =IFERROR(VLOOKUP(B44,'Último rebalanceo'!$B$90:$L$124,11,0),0) -> 41.32 | F44: =D44*E44 -> 3512.2 | G44: =G11 -> 41.32 | H44: =D44*G44 -> 3512.2 | I44: 0 | J44: =(H44+I44)/F44-1 -> 0 | K44: =H44/$H$61 -> 0.11689015 | L44: =K11 -> 0.1169319 | M44: =K44-L44 -> -4.1745414e-05
B45: =B12 -> GENTERA | C45: =C12 -> Gentera SAB de CV | D45: =IFERROR(VLOOKUP(B45,'Último rebalanceo'!$B$90:$K$124,10,0),0) -> 102 | E45: =IFERROR(VLOOKUP(B45,'Último rebalanceo'!$B$90:$L$124,11,0),0) -> 34.189999 | F45: =D45*E45 -> 3487.3799 | G45: =G12 -> 34.189999 | H45: =D45*G45 -> 3487.3799 | I45: 0 | J45: =(H45+I45)/F45-1 -> 0 | K45: =H45/$H$61 -> 0.11606411 | L45: =K12 -> 0.11642021 | M45: =K45-L45 -> -0.00035609962
B46: =B13 -> GFNORTEO | C46: =C13 -> Grupo Financiero Banorte O | D46: =IFERROR(VLOOKUP(B46,'Último rebalanceo'!$B$90:$K$124,10,0),0) -> 12 | E46: =IFERROR(VLOOKUP(B46,'Último rebalanceo'!$B$90:$L$124,11,0),0) -> 168.14999 | F46: =D46*E46 -> 2017.7999 | G46: =G13 -> 168.14999 | H46: =D46*G46 -> 2017.7999 | I46: 0 | J46: =(H46+I46)/F46-1 -> 0 | K46: =H46/$H$61 -> 0.067154758 | L46: =K13 -> 0.065767806 | M46: =K46-L46 -> 0.0013869524
B47: =B14 -> MEGACPO | C47: =C14 -> Megacable Holdings SAB de CV | D47: =IFERROR(VLOOKUP(B47,'Último rebalanceo'!$B$90:$K$124,10,0),0) -> 42 | E47: =IFERROR(VLOOKUP(B47,'Último rebalanceo'!$B$90:$L$124,11,0),0) -> 47.700001 | F47: =D47*E47 -> 2003.4 | G47: =G14 -> 47.700001 | H47: =D47*G47 -> 2003.4 | I47: 0 | J47: =(H47+I47)/F47-1 -> 0 | K47: =H47/$H$61 -> 0.066675513 | L47: =K14 -> 0.066944638 | M47: =K47-L47 -> -0.00026912511
B48: =B15 -> OMAB | C48: =C15 -> Grupo Aeroportuario del Centro Norte, S.A.B. de C.V. | D48: =IFERROR(VLOOKUP(B48,'Último rebalanceo'!$B$90:$K$124,10,0),0) -> 9 | E48: =IFERROR(VLOOKUP(B48,'Último rebalanceo'!$B$90:$L$124,11,0),0) -> 215.78999 | F48: =D48*E48 -> 1942.1099 | G48: =G15 -> 215.78999 | H48: =D48*G48 -> 1942.1099 | I48: 0 | J48: =(H48+I48)/F48-1 -> 0 | K48: =H48/$H$61 -> 0.064635706 | L48: =K15 -> 0.064541972 | M48: =K48-L48 -> 9.3734459e-05
B49: =B16 -> ORBIA | C49: =C16 -> ORBIA ADVANCE CORPORATION SAB de CV | D49: =IFERROR(VLOOKUP(B49,'Último rebalanceo'!$B$90:$K$124,10,0),0) -> 265 | E49: =IFERROR(VLOOKUP(B49,'Último rebalanceo'!$B$90:$L$124,11,0),0) -> 13.24 | F49: =D49*E49 -> 3508.5999 | G49: =G16 -> 13.24 | H49: =D49*G49 -> 3508.5999 | I49: 0 | J49: =(H49+I49)/F49-1 -> 0 | K49: =H49/$H$61 -> 0.11677034 | L49: =K16 -> 0.11666869 | M49: =K49-L49 -> 0.00010164702
B50: =B17 -> PINFRA | C50: =C17 -> Promotora y Operadora de Infraestructura SAB de CV | D50: =IFERROR(VLOOKUP(B50,'Último rebalanceo'!$B$90:$K$124,10,0),0) -> 9 | E50: =IFERROR(VLOOKUP(B50,'Último rebalanceo'!$B$90:$L$124,11,0),0) -> 219.42999 | F50: =D50*E50 -> 1974.8699 | G50: =G17 -> 219.42999 | H50: =D50*G50 -> 1974.8699 | I50: 0 | J50: =(H50+I50)/F50-1 -> 0 | K50: =H50/$H$61 -> 0.065725998 | L50: =K17 -> 0.065630682 | M50: =K50-L50 -> 9.5315595e-05
... B58: =B25 -> 0 | C58: =C25 -> 0 | D58: =IFERROR(VLOOKUP(B58,'Último rebalanceo'!$B$90:$K$124,10,0),0) -> 0 | E58: =IFERROR(VLOOKUP(B58,'Último rebalanceo'!$B$90:$L$124,11,0),0) -> 0 | F58: =D58*E58 -> 0 | G58: =G25 -> 0 | H58: =D58*G58 -> 0 | I58: 0 | J58: =(H58+I58)/F58-1 -> #DIV/0! | K58: =H58/$H$61 -> 0 | L58: =K25 -> 0 | M58: =K58-L58 -> 0
B59: EFECTIVO | D59: ='Último rebalanceo'!K125 -> 106.794 | H59: =D59 -> 106.794 | K59: =H59/$H$61 -> 0.00355423 | L59: =K26 -> 0.0046439098 | M59: =K59-L59 -> -0.0010896798
B61: TOTAL | H61: =SUM(H39:H59) -> 30047.013 | I61: =SUM(I39:I59) -> 0 | J61: =H61/(D32+D33)-1 -> 1.0031342 | K61: =SUM(K39:K59) -> 1 | L61: =SUM(L39:L59) -> 1 | M61: {=SUM(ABS(M39:M59))} -> 0.0049796601 | N61: =IF(M61<0.1,"Excelente",IF(AND(M61<=0.2,M61>=0.1),"Buena",IF(AND(M61<=0.35,M61>0.2),"Regular","Mala"))) -> Excelente
M62: Indexación con el portafolio Modelo
B65: EMPEZAR MI PORTAFOLIO DESDE 0
B66: ¿Cuánto quieres invertir? | D66: 20000
B67: CAMBIA TU COSTO PROMEDIO PONDERADO AL PRECIO REAL DE COMPRA (POR DEFAULT VIENE EL ÚLTIMO CIERRE DEL MERCADO A LA FECHA DEL PORTAFOLIO)
B69: Mi Portafolio
B70: Ticker | C70: Compañía | D70: Títulos | E70: Costo Promedio Ponderado | F70: Costo total | G70: Último Cierre de mercado | H70: Valor mercado | I70: % Mi Portafolio | J70: % Portafolio Modelo | K70: Diferencia vs Portafolio Modelo
B71: =B6 -> ALSEA | C71: =C6 -> Alsea SA | D71: {=IF(SUMPRODUCT(ROUND($K$6:$K$17*$D$66/$E$71:$E$82,0),$E$71:$E$82)>$D$66,ROUND($D$66*($D$66/SUMPRODUCT(ROUND($K$6:$K$17*$D$66/$E$71:$E$82,0),$E$71:$E$82))*K6/E71,0),ROUND($D$66*K6/E71,0))} -> 30 | E71: =G6 -> 43.970001 | F71: =IFERROR(D71*E71,0) -> 1319.1 | G71: =G6 -> 43.970001 | H71: =IFERROR(D71*G71,0) -> 1319.1 | I71: =H71/$H$93 -> 0.065955002 | J71: =K6 -> 0.066767942 | K71: =I71-J71 -> -0.00081293999
B72: =B7 -> LIVEPOLC-1 | C72: =C7 -> El Puerto de Liverpool SAB de CV | D72: {=IF(SUMPRODUCT(ROUND($K$6:$K$17*$D$66/$E$71:$E$82,0),$E$71:$E$82)>$D$66,ROUND($D$66*($D$66/SUMPRODUCT(ROUND($K$6:$K$17*$D$66/$E$71:$E$82,0),$E$71:$E$82))*K7/E72,0),ROUND($D$66*K7/E72,0))} -> 15 | E72: =G7 -> 90.309998 | F72: =IFERROR(D72*E72,0) -> 1354.65 | G72: =G7 -> 90.309998 | H72: =IFERROR(D72*G72,0) -> 1354.65 | I72: =H72/$H$93 -> 0.067732498 | J72: =K7 -> 0.066489549 | K72: =I72-J72 -> 0.0012429496
B73: =B8 -> PE&OLES | C73: =C8 -> Industrias Penoles | D73: {=IF(SUMPRODUCT(ROUND($K$6:$K$17*$D$66/$E$71:$E$82,0),$E$71:$E$82)>$D$66,ROUND($D$66*($D$66/SUMPRODUCT(ROUND($K$6:$K$17*$D$66/$E$71:$E$82,0),$E$71:$E$82))*K8/E73,0),ROUND($D$66*K8/E73,0))} -> 6 | E73: =G8 -> 392.98999 | F73: =IFERROR(D73*E73,0) -> 2357.9399 | G73: =G8 -> 392.98999 | H73: =IFERROR(D73*G73,0) -> 2357.9399 | I73: =H73/$H$93 -> 0.117897 | J73: =K8 -> 0.11754182 | K73: =I73-J73 -> 0.00035517552
B74: =B9 -> CUERVO | C74: =C9 -> Becle, S.A. De C.V. | D74: {=IF(SUMPRODUCT(ROUND($K$6:$K$17*$D$66/$E$71:$E$82,0),$E$71:$E$82)>$D$66,ROUND($D$66*($D$66/SUMPRODUCT(ROUND($K$6:$K$17*$D$66/$E$71:$E$82,0),$E$71:$E$82))*K9/E74,0),ROUND($D$66*K9/E74,0))} -> 59 | E74: =G9 -> 22.67 | F74: =IFERROR(D74*E74,0) -> 1337.53 | G74: =G9 -> 22.67 | H74: =IFERROR(D74*G74,0) -> 1337.53 | I74: =H74/$H$93 -> 0.0668765 | J74: =K9 -> 0.066761958 | K74: =I74-J74 -> 0.00011454196
B75: =B10 -> Q | C75: =C10 -> Qualitas Controladora S.A.B de C.V. | D75: {=IF(SUMPRODUCT(ROUND($K$6:$K$17*$D$66/$E$71:$E$82,0),$E$71:$E$82)>$D$66,ROUND($D$66*($D$66/SUMPRODUCT(ROUND($K$6:$K$17*$D$66/$E$71:$E$82,0),$E$71:$E$82))*K10/E75,0),ROUND($D$66*K10/E75,0))} -> 6 | E75: =G10 -> 216.95 | F75: =IFERROR(D75*E75,0) -> 1301.7 | G75: =G10 -> 216.95 | H75: =IFERROR(D75*G75,0) -> 1301.7 | I75: =H75/$H$93 -> 0.065084999 | J75: =K10 -> 0.064888925 | K75: =I75-J75 -> 0.00019607453
B76: =B11 -> BOLSAA | C76: =C11 -> Bolsa Mexicana de Valores SA de CV | D76: {=IF(SUMPRODUCT(ROUND($K$6:$K$17*$D$66/$E$71:$E$82,0),$E$71:$E$82)>$D$66,ROUND($D$66*($D$66/SUMPRODUCT(ROUND($K$6:$K$17*$D$66/$E$71:$E$82,0),$E$71:$E$82))*K11/E76,0),ROUND($D$66*K11/E76,0))} -> 57 | E76: =G11 -> 41.32 | F76: =IFERROR(D76*E76,0) -> 2355.24 | G76: =G11 -> 41.32 | H76: =IFERROR(D76*G76,0) -> 2355.24 | I76: =H76/$H$93 -> 0.117762 | J76: =K11 -> 0.1169319 | K76: =I76-J76 -> 0.00083010174
B77: =B12 -> GENTERA | C77: =C12 -> Gentera SAB de CV | D77: {=IF(SUMPRODUCT(ROUND($K$6:$K$17*$D$66/$E$71:$E$82,0),$E$71:$E$82)>$D$66,ROUND($D$66*($D$66/SUMPRODUCT(ROUND($K$6:$K$17*$D$66/$E$71:$E$82,0),$E$71:$E$82))*K12/E77,0),ROUND($D$66*K12/E77,0))} -> 68 | E77: =G12 -> 34.189999 | F77: =IFERROR(D77*E77,0) -> 2324.9199 | G77: =G12 -> 34.189999 | H77: =IFERROR(D77*G77,0) -> 2324.9199 | I77: =H77/$H$93 -> 0.116246 | J77: =K12 -> 0.11642021 | K77: =I77-J77 -> -0.00017421363
B78: =B13 -> GFNORTEO | C78: =C13 -> Grupo Financiero Banorte O | D78: {=IF(SUMPRODUCT(ROUND($K$6:$K$17*$D$66/$E$71:$E$82,0),$E$71:$E$82)>$D$66,ROUND($D$66*($D$66/SUMPRODUCT(ROUND($K$6:$K$17*$D$66/$E$71:$E$82,0),$E$71:$E$82))*K13/E78,0),ROUND($D$66*K13/E78,0))} -> 8 | E78: =G13 -> 168.14999 | F78: =IFERROR(D78*E78,0) -> 1345.2 | G78: =G13 -> 168.14999 | H78: =IFERROR(D78*G78,0) -> 1345.2 | I78: =H78/$H$93 -> 0.067259998 | J78: =K13 -> 0.065767806 | K78: =I78-J78 -> 0.0014921917
B79: =B14 -> MEGACPO | C79: =C14 -> Megacable Holdings SAB de CV | D79: {=IF(SUMPRODUCT(ROUND($K$6:$K$17*$D$66/$E$71:$E$82,0),$E$71:$E$82)>$D$66,ROUND($D$66*($D$66/SUMPRODUCT(ROUND($K$6:$K$17*$D$66/$E$71:$E$82,0),$E$71:$E$82))*K14/E79,0),ROUND($D$66*K14/E79,0))} -> 28 | E79: =G14 -> 47.700001 | F79: =IFERROR(D79*E79,0) -> 1335.6 | G79: =G14 -> 47.700001 | H79: =IFERROR(D79*G79,0) -> 1335.6 | I79: =H79/$H$93 -> 0.066780001 | J79: =K14 -> 0.066944638 | K79: =I79-J79 -> -0.00016463682
B80: =B15 -> OMAB | C80: =C15 -> Grupo Aeroportuario del Centro Norte, S.A.B. de C.V. | D80: {=IF(SUMPRODUCT(ROUND($K$6:$K$17*$D$66/$E$71:$E$82,0),$E$71:$E$82)>$D$66,ROUND($D$66*($D$66/SUMPRODUCT(ROUND($K$6:$K$17*$D$66/$E$71:$E$82,0),$E$71:$E$82))*K15/E80,0),ROUND($D$66*K15/E80,0))} -> 6 | E80: =G15 -> 215.78999 | F80: =IFERROR(D80*E80,0) -> 1294.74 | G80: =G15 -> 215.78999 | H80: =IFERROR(D80*G80,0) -> 1294.74 | I80: =H80/$H$93 -> 0.064736998 | J80: =K15 -> 0.064541972 | K80: =I80-J80 -> 0.00019502614
B81: =B16 -> ORBIA | C81: =C16 -> ORBIA ADVANCE CORPORATION SAB de CV | D81: {=IF(SUMPRODUCT(ROUND($K$6:$K$17*$D$66/$E$71:$E$82,0),$E$71:$E$82)>$D$66,ROUND($D$66*($D$66/SUMPRODUCT(ROUND($K$6:$K$17*$D$66/$E$71:$E$82,0),$E$71:$E$82))*K16/E81,0),ROUND($D$66*K16/E81,0))} -> 176 | E81: =G16 -> 13.24 | F81: =IFERROR(D81*E81,0) -> 2330.24 | G81: =G16 -> 13.24 | H81: =IFERROR(D81*G81,0) -> 2330.24 | I81: =H81/$H$93 -> 0.116512 | J81: =K16 -> 0.11666869 | K81: =I81-J81 -> -0.00015669358
B82: =B17 -> PINFRA | C82: =C17 -> Promotora y Operadora de Infraestructura SAB de CV | D82: {=IF(SUMPRODUCT(ROUND($K$6:$K$17*$D$66/$E$71:$E$82,0),$E$71:$E$82)>$D$66,ROUND($D$66*($D$66/SUMPRODUCT(ROUND($K$6:$K$17*$D$66/$E$71:$E$82,0),$E$71:$E$82))*K17/E82,0),ROUND($D$66*K17/E82,0))} -> 6 | E82: =G17 -> 219.42999 | F82: =IFERROR(D82*E82,0) -> 1316.58 | G82: =G17 -> 219.42999 | H82: =IFERROR(D82*G82,0) -> 1316.58 | I82: =H82/$H$93 -> 0.065828998 | J82: =K17 -> 0.065630682 | K82: =I82-J82 -> 0.00019831589
... B90: =B25 -> 0 | C90: =C25 -> 0 | D90: {=IF(SUMPRODUCT(ROUND($K$6:$K$17*$D$66/$E$71:$E$82,0),$E$71:$E$82)>$D$66,ROUND($D$66*($D$66/SUMPRODUCT(ROUND($K$6:$K$17*$D$66/$E$71:$E$82,0),$E$71:$E$82))*K25/E90,0),ROUND($D$66*K25/E90,0))} -> #DIV/0! | E90: =G25 -> 0 | F90: =IFERROR(D90*E90,0) -> 0 | G90: =G25 -> 0 | H90: =IFERROR(D90*G90,0) -> 0 | I90: =H90/$H$93 -> 0 | J90: =K25 -> 0 | K90: =I90-J90 -> 0
B91: EFECTIVO | D91: {=D66-SUMPRODUCT(IFERROR(D71:D90,0),IFERROR(E71:E90,0))} -> 26.560335 | H91: =D91 -> 26.560335 | I91: =H91/$H$93 -> 0.0013280168 | J91: =K26 -> 0.0046439098 | K91: =I91-J91 -> -0.0033158931
B93: TOTAL | H93: =SUM(H71:H91) -> 20000 | I93: =SUM(I71:I91) -> 1 | J93: =SUM(J71:J91) -> 1 | K93: {=SUM(ABS(K71:K91))} -> 0.0092487541 | L93: =IF(K93<0.1,"Excelente",IF(AND(K93<=0.2,K93>=0.1),"Buena",IF(AND(K93<=0.35,K93>0.2),"Regular","Mala"))) -> Excelente
K94: Indexación con el portafolio Modelo

Sheet Último rebalanceo
B2: IPC Regresión a la media | D2: 45779 | F2: TIIE 1 día promedio mensual | H2: 0 | J2: 0.0978
B3: Valor inicial portafolio | D3: 25000 | J3: 0
D5: ANTERIOR | K5: NUEVO
B6: Ticker | C6: Compañía | D6: Títulos | E6: Costo Promedio Ponderado | F6: Precio mercado inicio rebalanceo | G6: % Portafolio Modelo | H6: Precio mercado final rebalanceo | I6: Dividendos cobrados en el período | J6: Rendimiento Total del período | K6: Títulos | L6: Costo Promedio Ponderado | M6: Valor mercado | N6: % Portafolio Modelo | O6: Diferencia vs anterior
B7: ALSEA | C7: =IFERROR(VLOOKUP(B7,GICS!$A:$B,2,0),0) -> Alsea SA | D7: 80 | E7: 50.244539 | F7: 48.310001 | G7: =D7*F7/$F$44 -> 0.099436483 | H7: 43.970001 | I7: 0 | J7: =(H7+I7/D7)/F7-1 -> -0.089836466 | K7: =D7+D47 -> 66 | L7: =IF(K7>0,IF(K7>D7,(D7*E7+(K7-D7)*E47)/K7,E7),0) -> 50.244539 | M7: =K7*H7 -> 2902.0201 | N7: =M7/$M$44 -> 0.066767942 | O7: =N7-G7 -> -0.032668541
B8: LIVEPOLC-1 | C8: =IFERROR(VLOOKUP(B8,GICS!$A:$B,2,0),0) -> El Puerto de Liverpool SAB de CV | D8: 37 | E8: 134.15111 | F8: 105.21 | G8: =D8*F8/$F$44 -> 0.10015611 | H8: 90.309998 | I8: 0 | J8: =(H8+I8/D8)/F8-1 -> -0.14162153 | K8: =D8+D48 -> 32 | L8: =IF(K8>0,IF(K8>D8,(D8*E8+(K8-D8)*E48)/K8,E8),0) -> 134.15111 | M8: =K8*H8 -> 2889.9199 | N8: =M8/$M$44 -> 0.066489549 | O8: =N8-G8 -> -0.033666564
B9: GAPB | C9: =IFERROR(VLOOKUP(B9,GICS!$A:$B,2,0),0) -> Grupo Aeroportuario del Pacifico, S.A.B. de C.V. | D9: 11 | E9: 348.54999 | F9: 348.54999 | G9: =D9*F9/$F$44 -> 0.098645318 | H9: 397.38 | I9: 76.23 | J9: =(H9+I9/D9)/F9-1 -> 0.1599771 | K9: =D9+D49 -> 0 | L9: =IF(K9>0,IF(K9>D9,(D9*E9+(K9-D9)*E49)/K9,E9),0) -> 0 | M9: =K9*H9 -> 0 | N9: =M9/$M$44 -> 0 | O9: =N9-G9 -> -0.098645318
B10: WALMEX | C10: =IFERROR(VLOOKUP(B10,GICS!$A:$B,2,0),0) -> Walmart de Mexico SAB de CV | D10: 70 | E10: 55.25 | F10: 55.25 | G10: =D10*F10/$F$44 -> 0.099505948 | H10: 62.130001 | I10: 151.9 | J10: =(H10+I10/D10)/F10-1 -> 0.16380092 | K10: =D10+D50 -> 0 | L10: =IF(K10>0,IF(K10>D10,(D10*E10+(K10-D10)*E50)/K10,E10),0) -> 0 | M10: =K10*H10 -> 0 | N10: =M10/$M$44 -> 0 | O10: =N10-G10 -> -0.099505948
B11: CEMEXCPO | C11: =IFERROR(VLOOKUP(B11,GICS!$A:$B,2,0),0) -> Cemex SA CPO | D11: 371 | E11: 10.49 | F11: 10.49 | G11: =D11*F11/$F$44 -> 0.1001309 | H11: 12.13 | I11: 0 | J11: =(H11+I11/D11)/F11-1 -> 0.15633938 | K11: =D11+D51 -> 0 | L11: =IF(K11>0,IF(K11>D11,(D11*E11+(K11-D11)*E51)/K11,E11),0) -> 0 | M11: =K11*H11 -> 0 | N11: =M11/$M$44 -> 0 | O11: =N11-G11 -> -0.1001309
B12: PE&OLES | C12: =IFERROR(VLOOKUP(B12,GICS!$A:$B,2,0),0) -> Industrias Penoles | D12: 12 | E12: 315.19 | F12: 315.19 | G12: =D12*F12/$F$44 -> 0.097313345 | H12: 392.98999 | I12: 0 | J12: =(H12+I12/D12)/F12-1 -> 0.2468352 | K12: =D12+D52 -> 13 | L12: =IF(K12>0,IF(K12>D12,(D12*E12+(K12-D12)*E52)/K12,E12),0) -> 321.17462 | M12: =K12*H12 -> 5108.8699 | N12: =M12/$M$44 -> 0.11754182 | O12: =N12-G12 -> 0.020228477
B13: BBAJIOO | C13: =IFERROR(VLOOKUP(B13,GICS!$A:$B,2,0),0) -> Banco del Bajio, S.A. | D13: 88 | E13: 44.369999 | F13: 44.369999 | G13: =D13*F13/$F$44 -> 0.10045945 | H13: 47.060001 | I13: 0 | J13: =(H13+I13/D13)/F13-1 -> 0.060626604 | K13: =D13+D53 -> 0 | L13: =IF(K13>0,IF(K13>D13,(D13*E13+(K13-D13)*E53)/K13,E13),0) -> 0 | M13: =K13*H13 -> 0 | N13: =M13/$M$44 -> 0 | O13: =N13-G13 -> -0.10045945
B14: CUERVO | C14: =IFERROR(VLOOKUP(B14,GICS!$A:$B,2,0),0) -> Becle, S.A. De C.V. | D14: 147 | E14: 26.379999 | F14: 26.379999 | G14: =D14*F14/$F$44 -> 0.099772495 | H14: 22.67 | I14: 0 | J14: =(H14+I14/D14)/F14-1 -> -0.14063681 | K14: =D14+D54 -> 128 | L14: =IF(K14>0,IF(K14>D14,(D14*E14+(K14-D14)*E54)/K14,E14),0) -> 26.379999 | M14: =K14*H14 -> 2901.76 | N14: =M14/$M$44 -> 0.066761958 | O14: =N14-G14 -> -0.033010536
B15: KIMBERA | C15: =IFERROR(VLOOKUP(B15,GICS!$A:$B,2,0),0) -> Kimberly Clark de Mexico S.A.B. de C.V. A | D15: 135 | E15: 28.83 | F15: 28.83 | G15: =D15*F15/$F$44 -> 0.10013759 | H15: 34.5 | I15: 68.85 | J15: =(H15+I15/D15)/F15-1 -> 0.21436004 | K15: =D15+D55 -> 0 | L15: =IF(K15>0,IF(K15>D15,(D15*E15+(K15-D15)*E55)/K15,E15),0) -> 0 | M15: =K15*H15 -> 0 | N15: =M15/$M$44 -> 0 | O15: =N15-G15 -> -0.10013759
B16: Q | C16: =IFERROR(VLOOKUP(B16,GICS!$A:$B,2,0),0) -> Qualitas Controladora S.A.B de C.V. | D16: 28 | E16: 139.05 | F16: 139.05 | G16: =D16*F16/$F$44 -> 0.10017233 | H16: 216.95 | I16: 0 | J16: =(H16+I16/D16)/F16-1 -> 0.56023008 | K16: =D16+D56 -> 13 | L16: =IF(K16>0,IF(K16>D16,(D16*E16+(K16-D16)*E56)/K16,E16),0) -> 139.05 | M16: =K16*H16 -> 2820.35 | N16: =M16/$M$44 -> 0.064888925 | O16: =N16-G16 -> -0.035283401
B17: BOLSAA | C17: =IFERROR(VLOOKUP(B17,GICS!$A:$B,2,0),0) -> Bolsa Mexicana de Valores SA de CV | D17: 0 | E17: 0 | F17: 0 | G17: =D17*F17/$F$44 -> 0 | H17: 41.32 | I17: 0 | J17: =(H17+I17/D17)/F17-1 -> #DIV/0! | K17: =D17+D57 -> 123 | L17: =IF(K17>0,IF(K17>D17,(D17*E17+(K17-D17)*E57)/K17,E17),0) -> 41.32 | M17: =K17*H17 -> 5082.36 | N17: =M17/$M$44 -> 0.1169319 | O17: =N17-G17 -> 0.1169319
B18: GENTERA | C18: =IFERROR(VLOOKUP(B18,GICS!$A:$B,2,0),0) -> Gentera SAB de CV | D18: 0 | E18: 0 | F18: 0 | G18: =D18*F18/$F$44 -> 0 | H18: 34.189999 | I18: 0 | J18: =(H18+I18/D18)/F18-1 -> #DIV/0! | K18: =D18+D58 -> 148 | L18: =IF(K18>0,IF(K18>D18,(D18*E18+(K18-D18)*E58)/K18,E18),0) -> 34.189999 | M18: =K18*H18 -> 5060.1198 | N18: =M18/$M$44 -> 0.11642021 | O18: =N18-G18 -> 0.11642021
... B23: PINFRA | C23: =IFERROR(VLOOKUP(B23,GICS!$A:$B,2,0),0) -> Promotora y Operadora de Infraestructura SAB de CV | D23: 0 | E23: 0 | F23: 0 | G23: =D23*F23/$F$44 -> 0 | H23: 219.42999 | I23: 0 | J23: =(H23+I23/D23)/F23-1 -> #DIV/0! | K23: =D23+D63 -> 13 | L23: =IF(K23>0,IF(K23>D23,(D23*E23+(K23-D23)*E63)/K23,E23),0) -> 219.42999 | M23: =K23*H23 -> 2852.5899 | N23: =M23/$M$44 -> 0.065630682 | O23: =N23-G23 -> 0.065630682
B24: 0 | C24: =IFERROR(VLOOKUP(B24,GICS!$A:$B,2,0),0) -> 0 | D24: 0 | E24: 0 | F24: 0 | G24: =D24*F24/$F$44 -> 0 | H24: 0 | I24: 0 | J24: =(H24+I24/D24)/F24-1 -> #DIV/0! | K24: =D24+D64 -> 0 | L24: =IF(K24>0,IF(K24>D24,(D24*E24+(K24-D24)*E64)/K24,E24),0) -> 0 | M24: =K24*H24 -> 0 | N24: =M24/$M$44 -> 0 | O24: =N24-G24 -> 0
B25: 0 | C25: =IFERROR(VLOOKUP(B25,GICS!$A:$B,2,0),0) -> 0 | D25: 0 | E25: 0 | F25: 0 | G25: =D25*F25/$F$44 -> 0 | H25: 0 | I25: 0 | J25: =(H25+I25/D25)/F25-1 -> #DIV/0! | K25: =D25+D65 -> 0 | L25: =IF(K25>0,IF(K25>D25,(D25*E25+(K25-D25)*E65)/K25,E25),0) -> 0 | M25: =K25*H25 -> 0 | N25: =M25/$M$44 -> 0 | O25: =N25-G25 -> 0
B26: 0 | C26: =IFERROR(VLOOKUP(B26,GICS!$A:$B,2,0),0) -> 0 | D26: 0 | E26: 0 | F26: 0 | G26: =D26*F26/$F$44 -> 0 | H26: 0 | I26: 0 | J26: =(H26+I26/D26)/F26-1 -> #DIV/0! | K26: =D26+D66 -> 0 | L26: =IF(K26>0,IF(K26>D26,(D26*E26+(K26-D26)*E66)/K26,E26),0) -> 0 | M26: =K26*H26 -> 0 | N26: =M26/$M$44 -> 0 | O26: =N26-G26 -> 0
B27: 0 | C27: =IFERROR(VLOOKUP(B27,GICS!$A:$B,2,0),0) -> 0 | D27: 0 | E27: 0 | F27: 0 | G27: =D27*F27/$F$44 -> 0 | H27: 0 | I27: 0 | J27: =(H27+I27/D27)/F27-1 -> #DIV/0! | K27: =D27+D67 -> 0 | L27: =IF(K27>0,IF(K27>D27,(D27*E27+(K27-D27)*E67)/K27,E27),0) -> 0 | M27: =K27*H27 -> 0 | N27: =M27/$M$44 -> 0 | O27: =N27-G27 -> 0
B28: 0 | C28: =IFERROR(VLOOKUP(B28,GICS!$A:$B,2,0),0) -> 0 | D28: 0 | E28: 0 | F28: 0 | G28: =D28*F28/$F$44 -> 0 | H28: 0 | I28: 0 | J28: =(H28+I28/D28)/F28-1 -> #DIV/0! | K28: =D28+D68 -> 0 | L28: =IF(K28>0,IF(K28>D28,(D28*E28+(K28-D28)*E68)/K28,E28),0) -> 0 | M28: =K28*H28 -> 0 | N28: =M28/$M$44 -> 0 | O28: =N28-G28 -> 0
B29: 0 | C29: =IFERROR(VLOOKUP(B29,GICS!$A:$B,2,0),0) -> 0 | D29: 0 | E29: 0 | F29: 0 | G29: =D29*F29/$F$44 -> 0 | H29: 0 | I29: 0 | J29: =(H29+I29/D29)/F29-1 -> #DIV/0! | K29: =D29+D69 -> 0 | L29: =IF(K29>0,IF(K29>D29,(D29*E29+(K29-D29)*E69)/K29,E29),0) -> 0 | M29: =K29*H29 -> 0 | N29: =M29/$M$44 -> 0 | O29: =N29-G29 -> 0
B30: 0 | C30: =IFERROR(VLOOKUP(B30,GICS!$A:$B,2,0),0) -> 0 | D30: 0 | E30: 0 | F30: 0 | G30: =D30*F30/$F$44 -> 0 | H30: 0 | I30: 0 | J30: =(H30+I30/D30)/F30-1 -> #DIV/0! | K30: =D30+D70 -> 0 | L30: =IF(K30>0,IF(K30>D30,(D30*E30+(K30-D30)*E70)/K30,E30),0) -> 0 | M30: =K30*H30 -> 0 | N30: =M30/$M$44 -> 0 | O30: =N30-G30 -> 0
B31: 0 | C31: =IFERROR(VLOOKUP(B31,GICS!$A:$B,2,0),0) -> 0 | D31: 0 | E31: 0 | F31: 0 | G31: =D31*F31/$F$44 -> 0 | H31: 0 | I31: 0 | J31: =(H31+I31/D31)/F31-1 -> #DIV/0! | K31: =D31+D71 -> 0 | L31: =IF(K31>0,IF(K31>D31,(D31*E31+(K31-D31)*E71)/K31,E31),0) -> 0 | M31: =K31*H31 -> 0 | N31: =M31/$M$44 -> 0 | O31: =N31-G31 -> 0
B32: 0 | C32: =IFERROR(VLOOKUP(B32,GICS!$A:$B,2,0),0) -> 0 | D32: 0 | E32: 0 | F32: 0 | G32: =D32*F32/$F$44 -> 0 | H32: 0 | I32: 0 | J32: =(H32+I32/D32)/F32-1 -> #DIV/0! | K32: =D32+D72 -> 0 | L32: =IF(K32>0,IF(K32>D32,(D32*E32+(K32-D32)*E72)/K32,E32),0) -> 0 | M32: =K32*H32 -> 0 | N32: =M32/$M$44 -> 0 | O32: =N32-G32 -> 0
B33: 0 | C33: =IFERROR(VLOOKUP(B33,GICS!$A:$B,2,0),0) -> 0 | D33: 0 | E33: 0 | F33: 0 | G33: =D33*F33/$F$44 -> 0 | H33: 0 | I33: 0 | J33: =(H33+I33/D33)/F33-1 -> #DIV/0! | K33: =D33+D73 -> 0 | L33: =IF(K33>0,IF(K33>D33,(D33*E33+(K33-D33)*E73)/K33,E33),0) -> 0 | M33: =K33*H33 -> 0 | N33: =M33/$M$44 -> 0 | O33: =N33-G33 -> 0
B34: 0 | C34: =IFERROR(VLOOKUP(B34,GICS!$A:$B,2,0),0) -> 0 | D34: 0 | E34: 0 | F34: 0 | G34: =D34*F34/$F$44 -> 0 | H34: 0 | I34: 0 | J34: =(H34+I34/D34)/F34-1 -> #DIV/0! | K34: =D34+F73 -> 0 | L34: =IF(K34>0,IF(K34>D34,(D34*E34+(K34-D34)*G73)/K34,E34),0) -> 0 | M34: =K34*H34 -> 0 | N34: =M34/$M$44 -> 0 | O34: =N34-G34 -> 0
B35: 0 | C35: =IFERROR(VLOOKUP(B35,GICS!$A:$B,2,0),0) -> 0 | D35: 0 | E35: 0 | F35: 0 | G35: =D35*F35/$F$44 -> 0 | H35: 0 | I35: 0 | J35: =(H35+I35/D35)/F35-1 -> #DIV/0! | K35: =D35+F74 -> 0 | L35: =IF(K35>0,IF(K35>D35,(D35*E35+(K35-D35)*G74)/K35,E35),0) -> 0 | M35: =K35*H35 -> 0 | N35: =M35/$M$44 -> 0 | O35: =N35-G35 -> 0
B36: 0 | C36: =IFERROR(VLOOKUP(B36,GICS!$A:$B,2,0),0) -> 0 | D36: 0 | E36: 0 | F36: 0 | G36: =D36*F36/$F$44 -> 0 | H36: 0 | I36: 0 | J36: =(H36+I36/D36)/F36-1 -> #DIV/0! | K36: =D36+F83 -> 0 | L36: =IF(K36>0,IF(K36>D36,(D36*E36+(K36-D36)*G83)/K36,E36),0) -> 0 | M36: =K36*H36 -> 0 | N36: =M36/$M$44 -> 0 | O36: =N36-G36 -> 0
B37: 0 | C37: =IFERROR(VLOOKUP(B37,GICS!$A:$B,2,0),0) -> 0 | D37: 0 | E37: 0 | F37: 0 | G37: =D37*F37/$F$44 -> 0 | H37: 0 | I37: 0 | J37: =(H37+I37/D37)/F37-1 -> #DIV/0! | K37: =D37+F84 -> 0 | L37: =IF(K37>0,IF(K37>D37,(D37*E37+(K37-D37)*G84)/K37,E37),0) -> 0 | M37: =K37*H37 -> 0 | N37: =M37/$M$44 -> 0 | O37: =N37-G37 -> 0
B38: 0 | C38: =IFERROR(VLOOKUP(B38,GICS!$A:$B,2,0),0) -> 0 | D38: 0 | E38: 0 | F38: 0 | G38: =D38*F38/$F$44 -> 0 | H38: 0 | I38: 0 | J38: =(H38+I38/D38)/F38-1 -> #DIV/0! | K38: =D38+F85 -> 0 | L38: =IF(K38>0,IF(K38>D38,(D38*E38+(K38-D38)*G85)/K38,E38),0) -> 0 | M38: =K38*H38 -> 0 | N38: =M38/$M$44 -> 0 | O38: =N38-G38 -> 0
B39: 0 | C39: =IFERROR(VLOOKUP(B39,GICS!$A:$B,2,0),0) -> 0 | D39: 0 | E39: 0 | F39: 0 | G39: =D39*F39/$F$44 -> 0 | H39: 0 | I39: 0 | J39: =(H39+I39/D39)/F39-1 -> #DIV/0! | K39: =D39+F86 -> 0 | L39: =IF(K39>0,IF(K39>D39,(D39*E39+(K39-D39)*G86)/K39,E39),0) -> 0 | M39: =K39*H39 -> 0 | N39: =M39/$M$44 -> 0 | O39: =N39-G39 -> 0
B40: 0 | C40: =IFERROR(VLOOKUP(B40,GICS!$A:$B,2,0),0) -> 0 | D40: 0 | E40: 0 | F40: 0 | G40: =D40*F40/$F$44 -> 0 | H40: 0 | I40: 0 | J40: =(H40+I40/D40)/F40-1 -> #DIV/0! | K40: =D40+F87 -> 0 | L40: =IF(K40>0,IF(K40>D40,(D40*E40+(K40-D40)*G87)/K40,E40),0) -> 0 | M40: =K40*H40 -> 0 | N40: =M40/$M$44 -> 0 | O40: =N40-G40 -> 0
B41: 0 | C41: =IFERROR(VLOOKUP(B41,GICS!$A:$B,2,0),0) -> 0 | D41: 0 | E41: 0 | F41: 0 | G41: =D41*F41/$F$44 -> 0 | H41: 0 | I41: 0 | J41: =(H41+I41/D41)/F41-1 -> #DIV/0! | K41: =D41+F88 -> 0 | L41: =IF(K41>0,IF(K41>D41,(D41*E41+(K41-D41)*G88)/K41,E41),0) -> 0 | M41: =K41*H41 -> 0 | N41: =M41/$M$44 -> 0 | O41: =N41-G41 -> 0
B42: EFECTIVO | D42: 165.96334 | E42: 0 | F42: 0 | G42: =D42/$F$44 -> 0.0042700295 | H42: =D42*(1+H2)^(180/360) -> 165.96334 | J42: =H42/D42-1 -> 0 | K42: =H42+I44-SUMPRODUCT(D47:D63,E47:E63) -> 201.84417 | M42: =K42 -> 201.84417 | N42: =M42/$M$44 -> 0.0046439098 | O42: =N42-G42 -> 0.0003738803
B44: TOTAL | F44: =SUMPRODUCT(D7:D23,F7:F23)+D42 -> 38867.023 | G44: =SUM(G7:G42) -> 1 | H44: =SUMPRODUCT(D7:D23,H7:H23)+H42 -> 43167.293 | I44: =SUM(I7:I42) -> 296.98 | J44: =(H44+I44)/F44-1 -> 0.11828151 | K44: Rend. Simple | M44: =SUM(M7:M42) -> 43464.273 | N44: =SUM(N7:N42) -> 1 | O44: =SUMIF(O7:O42,">0",O7:O42) -> 0.63350825
J45: =LN((H44+I44)/F44) -> 0.11179314 | K45: Rend. Logarítmico
B46: =CONCATENATE("Movimientos ",TEXT(D2,"dd-mm-yyyy")," (precios MXN cierre):") -> Movimientos 02-05-2025 (precios MXN cierre): | D46: Compra (Venta) | E46: Precio
B47: =B7 -> ALSEA | C47: =C7 -> Alsea SA | D47: -14 | E47: =H7 -> 43.970001
B48: =B8 -> LIVEPOLC-1 | C48: =C8 -> El Puerto de Liverpool SAB de CV | D48: -5 | E48: =H8 -> 90.309998
B49: =B9 -> GAPB | C49: =C9 -> Grupo Aeroportuario del Pacifico, S.A.B. de C.V. | D49: -11 | E49: =H9 -> 397.38
B50: =B10 -> WALMEX | C50: =C10 -> Walmart de Mexico SAB de CV | D50: -70 | E50: =H10 -> 62.130001
B51: =B11 -> CEMEXCPO | C51: =C11 -> Cemex SA CPO | D51: -371 | E51: =H11 -> 12.13
B52: =B12 -> PE&OLES | C52: =C12 -> Industrias Penoles | D52: 1 | E52: =H12 -> 392.98999
B53: =B13 -> BBAJIOO | C53: =C13 -> Banco del Bajio, S.A. | D53: -88 | E53: =H13 -> 47.060001
B54: =B14 -> CUERVO | C54: =C14 -> Becle, S.A. De C.V. | D54: -19 | E54: =H14 -> 22.67
B55: =B15 -> KIMBERA | C55: =C15 -> Kimberly Clark de Mexico S.A.B. de C.V. A | D55: -135 | E55: =H15 -> 34.5
B56: =B16 -> Q | C56: =C16 -> Qualitas Controladora S.A.B de C.V. | D56: -15 | E56: =H16 -> 216.95
B57: =B17 -> BOLSAA | C57: =C17 -> Bolsa Mexicana de Valores SA de CV | D57: 123 | E57: =H17 -> 41.32
B58: =B18 -> GENTERA | C58: =C18 -> Gentera SAB de CV | D58: 148 | E58: =H18 -> 34.189999
... B81: =B41 -> 0 | C81: =C41 -> 0 | D81: 0 | E81: =H41 -> 0
B84: REBALANCEO DE MI PORTAFOLIO
B85: AGREGA TUS TÍTULOS Y COSTO ACTUAL (ANTES DE ESTE REBALANCEO) Y EN LA PARTE INFERIOR CAMBIA A TUS PRECIOS REALES DE EJECUCIÓN (VIENEN POR DEFAULT LOS ÚLTIMOS DE CIERRE A LA FECHA DEL REBALANCEO) PARA OBTENER EL NÚMERO DE TÍTULOS A COMPRAR (VENDER) POR EMISORA.
B88: Mi Portafolio | D88: ANTERIOR | K88: NUEVO
B89: Ticker | C89: Compañía | D89: Títulos | E89: Costo Promedio Ponderado | F89: Precio mercado inicio rebalanceo | G89: % Portafolio Modelo | H89: Precio mercado final rebalanceo | I89: Dividendos cobrados en el período | J89: Rendimiento Total del período | K89: Títulos | L89: Costo Promedio Ponderado | M89: Valor mercado | N89: % Mi Portafolio | O89: Diferencia vs Portafolio Modelo
B90: =B7 -> ALSEA | C90: =C7 -> Alsea SA | D90: 5 | E90: 28.82 | F90: =F7 -> 48.310001 | G90: =D90*F90/$F$127 -> 0.0089719721 | H90: =H7 -> 43.970001 | I90: =IFERROR(I7/D7*D90,0) -> 0 | J90: =(H90+I90/D90)/F90-1 -> -0.089836466 | K90: =D90+D130 -> 46 | L90: =IF(K90>0,IF(K90>D90,(D90*E90+(K90-D90)*E130)/K90,E90),0) -> 42.323262 | M90: =K90*H90 -> 2022.6201 | N90: =M90/$M$127 -> 0.067315178 | O90: =N90-N7 -> 0.00054723599
B91: =B8 -> LIVEPOLC-1 | C91: =C8 -> El Puerto de Liverpool SAB de CV | D91: 38 | E91: 103.73 | F91: =F8 -> 105.21 | G91: =D91*F91/$F$127 -> 0.1484983 | H91: =H8 -> 90.309998 | I91: =IFERROR(I8/D8*D91,0) -> 0 | J91: =(H91+I91/D91)/F91-1 -> -0.14162153 | K91: =D91+D131 -> 22 | L91: =IF(K91>0,IF(K91>D91,(D91*E91+(K91-D91)*E131)/K91,E91),0) -> 103.73 | M91: =K91*H91 -> 1986.8199 | N91: =M91/$M$127 -> 0.066123708 | O91: =N91-N8 -> -0.00036584062
B92: =B9 -> GAPB | C92: =C9 -> Grupo Aeroportuario del Pacifico, S.A.B. de C.V. | D92: 56 | E92: 169.59 | F92: =F9 -> 348.54999 | G92: =D92*F92/$F$127 -> 0.72499325 | H92: =H9 -> 397.38 | I92: =IFERROR(I9/D9*D92,0) -> 388.08 | J92: =(H92+I92/D92)/F92-1 -> 0.1599771 | K92: =D92+D132 -> 0 | L92: =IF(K92>0,IF(K92>D92,(D92*E92+(K92-D92)*E132)/K92,E92),0) -> 0 | M92: =K92*H92 -> 0 | N92: =M92/$M$127 -> 0 | O92: =N92-N9 -> 0
B93: =B10 -> WALMEX | C93: =C10 -> Walmart de Mexico SAB de CV | D93: 5 | E93: 51.99 | F93: =F10 -> 55.25 | G93: =D93*F93/$F$127 -> 0.010260846 | H93: =H10 -> 62.130001 | I93: =IFERROR(I10/D10*D93,0) -> 10.85 | J93: =(H93+I93/D93)/F93-1 -> 0.16380092 | K93: =D93+D133 -> 0 | L93: =IF(K93>0,IF(K93>D93,(D93*E93+(K93-D93)*E133)/K93,E93),0) -> 0 | M93: =K93*H93 -> 0 | N93: =M93/$M$127 -> 0 | O93: =N93-N10 -> 0
B94: =B11 -> CEMEXCPO | C94: =C11 -> Cemex SA CPO | D94: 4 | E94: 366.56 | F94: =F11 -> 10.49 | G94: =D94*F94/$F$127 -> 0.0015585342 | H94: =H11 -> 12.13 | I94: =IFERROR(I11/D11*D94,0) -> 0 | J94: =(H94+I94/D94)/F94-1 -> 0.15633938 | K94: =D94+D134 -> 0 | L94: =IF(K94>0,IF(K94>D94,(D94*E94+(K94-D94)*E134)/K94,E94),0) -> 0 | M94: =K94*H94 -> 0 | N94: =M94/$M$127 -> 0 | O94: =N94-N11 -> 0
B95: =B12 -> PE&OLES | C95: =C12 -> Industrias Penoles | D95: 4 | E95: 72.69 | F95: =F12 -> 315.19 | G95: =D95*F95/$F$127 -> 0.046828828 | H95: =H12 -> 392.98999 | I95: =IFERROR(I12/D12*D95,0) -> 0 | J95: =(H95+I95/D95)/F95-1 -> 0.2468352 | K95: =D95+D135 -> 9 | L95: =IF(K95>0,IF(K95>D95,(D95*E95+(K95-D95)*E135)/K95,E95),0) -> 250.63444 | M95: =K95*H95 -> 3536.9099 | N95: =M95/$M$127 -> 0.11771253 | O95: =N95-N12 -> 0.00017070627
B96: =B13 -> BBAJIOO | C96: =C13 -> Banco del Bajio, S.A. | D96: 13 | E96: 134.15 | F96: =F13 -> 44.369999 | G96: =D96*F96/$F$127 -> 0.021424645 | H96: =H13 -> 47.060001 | I96: =IFERROR(I13/D13*D96,0) -> 0 | J96: =(H96+I96/D96)/F96-1 -> 0.060626604 | K96: =D96+D136 -> 0 | L96: =IF(K96>0,IF(K96>D96,(D96*E96+(K96-D96)*E136)/K96,E96),0) -> 0 | M96: =K96*H96 -> 0 | N96: =M96/$M$127 -> 0 | O96: =N96-N13 -> 0
B97: =B14 -> CUERVO | C97: =C14 -> Becle, S.A. De C.V. | D97: 2 | E97: 16.28 | F97: =F14 -> 26.379999 | G97: =D97*F97/$F$127 -> 0.0019596821 | H97: =H14 -> 22.67 | I97: =IFERROR(I14/D14*D97,0) -> 0 | J97: =(H97+I97/D97)/F97-1 -> -0.14063681 | K97: =D97+D137 -> 88 | L97: =IF(K97>0,IF(K97>D97,(D97*E97+(K97-D97)*E137)/K97,E97),0) -> 22.524773 | M97: =K97*H97 -> 1994.96 | N97: =M97/$M$127 -> 0.066394619 | O97: =N97-N14 -> -0.00036733948
B98: =B15 -> KIMBERA | C98: =C15 -> Kimberly Clark de Mexico S.A.B. de C.V. A | D98: 7 | E98: 26.86 | F98: =F15 -> 28.83 | G98: =D98*F98/$F$127 -> 0.0074958959 | H98: =H15 -> 34.5 | I98: =IFERROR(I15/D15*D98,0) -> 3.57 | J98: =(H98+I98/D98)/F98-1 -> 0.21436004 | K98: =D98+D138 -> 0 | L98: =IF(K98>0,IF(K98>D98,(D98*E98+(K98-D98)*E138)/K98,E98),0) -> 0 | M98: =K98*H98 -> 0 | N98: =M98/$M$127 -> 0 | O98: =N98-N15 -> 0
B99: =B16 -> Q | C99: =C16 -> Qualitas Controladora S.A.B de C.V. | D99: 2 | E99: 126.14 | F99: =F16 -> 139.05 | G99: =D99*F99/$F$127 -> 0.010329561 | H99: =H16 -> 216.95 | I99: =IFERROR(I16/D16*D99,0) -> 0 | J99: =(H99+I99/D99)/F99-1 -> 0.56023008 | K99: =D99+D139 -> 9 | L99: =IF(K99>0,IF(K99>D99,(D99*E99+(K99-D99)*E139)/K99,E99),0) -> 196.77 | M99: =K99*H99 -> 1952.55 | N99: =M99/$M$127 -> 0.064983163 | O99: =N99-N16 -> 9.4238339e-05
B100: =B17 -> BOLSAA | C100: =C17 -> Bolsa Mexicana de Valores SA de CV | D100: 0 | E100: 0 | F100: =F17 -> 0 | G100: =D100*F100/$F$127 -> 0 | H100: =H17 -> 41.32 | I100: =IFERROR(I17/D17*D100,0) -> 0 | J100: =(H100+I100/D100)/F100-1 -> #DIV/0! | K100: =D100+D140 -> 85 | L100: =IF(K100>0,IF(K100>D100,(D100*E100+(K100-D100)*E140)/K100,E100),0) -> 41.32 | M100: =K100*H100 -> 3512.2 | N100: =M100/$M$127 -> 0.11689015 | O100: =N100-N17 -> -4.1745414e-05
B101: =B18 -> GENTERA | C101: =C18 -> Gentera SAB de CV | D101: 0 | E101: 0 | F101: =F18 -> 0 | G101: =D101*F101/$F$127 -> 0 | H101: =H18 -> 34.189999 | I101: =IFERROR(I18/D18*D101,0) -> 0 | J101: =(H101+I101/D101)/F101-1 -> #DIV/0! | K101: =D101+D141 -> 102 | L101: =IF(K101>0,IF(K101>D101,(D101*E101+(K101-D101)*E141)/K101,E101),0) -> 34.189999 | M101: =K101*H101 -> 3487.3799 | N101: =M101/$M$127 -> 0.11606411 | O101: =N101-N18 -> -0.00035609962
... B124: =B41 -> 0 | C124: =C41 -> 0 | D124: 0 | E124: 0 | F124: =F41 -> 0 | G124: =D124*F124/$F$127 -> 0 | H124: =H41 -> 0 | I124: =IFERROR(I41/D41*D124,0) -> 0 | J124: =(H124+I124/D124)/F124-1 -> #DIV/0! | K124: =D124+D164 -> 0 | L124: =IF(K124>0,IF(K124>D124,(D124*E124+(K124-D124)*E164)/K124,E124),0) -> 0 | M124: =K124*H124 -> 0 | N124: =M124/$M$127 -> 0 | O124: =N124-N41 -> 0
B125: EFECTIVO | C125: =C42 -> 0 | D125: 475.95333 | E125: =E42 -> 0 | F125: =E125 -> 0 | G125: =D125/$F$127 -> 0.017678493 | H125: =D125*(1+H2)^(180/360) -> 475.95333 | J125: =H125/D125-1 -> 0 | K125: =H125+I127-SUMPRODUCT(D130:D146,E130:E146) -> 106.794 | M125: =K125 -> 106.794 | N125: =M125/$M$127 -> 0.00355423 | O125: =N125-N42 -> -0.0010896798
B127: TOTAL | F127: =SUMPRODUCT(D90:D106,F90:F106)+D125 -> 26922.733 | G127: =SUM(G90:G125) -> 1 | H127: =SUMPRODUCT(D90:D106,H90:H106)+H125 -> 29644.513 | I127: =SUM(I90:I125) -> 402.5 | J127: =(H127+I127)/F127-1 -> 0.1160462 | K127: Rend. Simple | M127: =SUM(M90:M125) -> 30047.013 | N127: =SUM(N90:N125) -> 1 | O127: {=SUM(ABS(O90:O125))} -> 0.0049796601 | P127: =IF(O127<0.1,"Excelente",IF(AND(O127<=0.2,O127>=0.1),"Buena",IF(AND(O127<=0.35,O127>0.2),"Regular","Mala"))) -> Excelente
J128: =LN((H127+I127)/F127) -> 0.10979226 | K128: Rend. Logarítmico | O128: Indexación con el portafolio Modelo
B129: =B46 -> Movimientos 02-05-2025 (precios MXN cierre): | D129: Compra (Venta) | E129: Precio
B130: =B47 -> ALSEA | C130: =C47 -> Alsea SA | D130: =IFERROR(ROUND(N7*($H$127+$I$127)/E130,0)-D90,0) -> 41 | E130: =H90 -> 43.970001
B131: =B48 -> LIVEPOLC-1 | C131: =C48 -> El Puerto de Liverpool SAB de CV | D131: =IFERROR(ROUND(N8*($H$127+$I$127)/E131,0)-D91,0) -> -16 | E131: =H91 -> 90.309998
B132: =B49 -> GAPB | C132: =C49 -> Grupo Aeroportuario del Pacifico, S.A.B. de C.V. | D132: =IFERROR(ROUND(N9*($H$127+$I$127)/E132,0)-D92,0) -> -56 | E132: =H92 -> 397.38
B133: =B50 -> WALMEX | C133: =C50 -> Walmart de Mexico SAB de CV | D133: =IFERROR(ROUND(N10*($H$127+$I$127)/E133,0)-D93,0) -> -5 | E133: =H93 -> 62.130001
B134: =B51 -> CEMEXCPO | C134: =C51 -> Cemex SA CPO | D134: =IFERROR(ROUND(N11*($H$127+$I$127)/E134,0)-D94,0) -> -4 | E134: =H94 -> 12.13
B135: =B52 -> PE&OLES | C135: =C52 -> Industrias Penoles | D135: =IFERROR(ROUND(N12*($H$127+$I$127)/E135,0)-D95,0) -> 5 | E135: =H95 -> 392.98999
B136: =B53 -> BBAJIOO | C136: =C53 -> Banco del Bajio, S.A. | D136: =IFERROR(ROUND(N13*($H$127+$I$127)/E136,0)-D96,0) -> -13 | E136: =H96 -> 47.060001
B137: =B54 -> CUERVO | C137: =C54 -> Becle, S.A. De C.V. | D137: =IFERROR(ROUND(N14*($H$127+$I$127)/E137,0)-D97,0) -> 86 | E137: =H97 -> 22.67
B138: =B55 -> KIMBERA | C138: =C55 -> Kimberly Clark de Mexico S.A.B. de C.V. A | D138: =IFERROR(ROUND(N15*($H$127+$I$127)/E138,0)-D98,0) -> -7 | E138: =H98 -> 34.5
B139: =B56 -> Q | C139: =C56 -> Qualitas Controladora S.A.B de C.V. | D139: =IFERROR(ROUND(N16*($H$127+$I$127)/E139,0)-D99,0) -> 7 | E139: =H99 -> 216.95
B140: =B57 -> BOLSAA | C140: =C57 -> Bolsa Mexicana de Valores SA de CV | D140: =IFERROR(ROUND(N17*($H$127+$I$127)/E140,0)-D100,0) -> 85 | E140: =H100 -> 41.32
B141: =B58 -> GENTERA | C141: =C58 -> Gentera SAB de CV | D141: =IFERROR(ROUND(N18*($H$127+$I$127)/E141,0)-D101,0) -> 102 | E141: =H101 -> 34.189999
... B164: =B81 -> 0 | C164: =C81 -> 0 | D164: =IFERROR(ROUND(N41*($H$127+$I$127)/E164,0)-D124,0) -> 0 | E164: =H124 -> 0

Sheet 12M anteriores
A1: 0 | B1: 45230 | C1: al 30-Abr-24 | D1: 45412 | E1: al 31-Oct-24
A2: Ticker | B2: Títulos | C2: Valor final | D2: Títulos | E2: Valor final
A3: GAPB | B3: 10 | C3: 1995.7277 | D3: 0 | E3: 0
A4: ALFAA | B4: 0 | C4: 0 | D4: 0 | E4: 0
A5: WALMEX | B5: 0 | C5: 0 | D5: 0 | E5: 0
A6: ORBIA | B6: 125 | C6: 3645.4113 | D6: 177 | E6: 3244.41
A7: OMAB | B7: 15 | C7: 1953.027 | D7: 0 | E7: 0
A8: TLEVISACPO | B8: 0 | C8: 0 | D8: 0 | E8: 0
A9: CEMEXCPO | B9: 0 | C9: 0 | D9: 0 | E9: 0
A10: PINFRA | B10: 0 | C10: 0 | D10: 0 | E10: 0
A11: GMEXICOB | B11: 0 | C11: 0 | D11: 48 | E11: 5039.5199
A12: AC | B12: 0 | C12: 0 | D12: 0 | E12: 0
A13: FEMSAUBD | B13: 10 | C13: 1920.3316 | D13: 0 | E13: 0
A14: AMXB | B14: 138 | C14: 1997.6141 | D14: 0 | E14: 0
... A42: EFECTIVO | B42: 1 | C42: 507.4075 | D42: 1 | E42: 129.1436
A43: TOTAL | C43: =SUM(C3:C42) -> 32964.062 | E43: =SUM(E3:E42) -> 32809.963

Sheet GICS
A1: AC | B1: Arca Continental, SAB de CV | C1: Consumo básico
A2: ALFAA | B2: Alfa SA A | C2: Industrial
A3: ALSEA | B3: Alsea SA | C3: Consumo discrecional
A4: AMXB | B4: America Movil SAB de CV B | C4: Servicios de comunicación
A5: ASURB | B5: Grupo Aeroportuario del Sureste SAB de CV B | C5: Industrial
A6: BBAJIOO | B6: Banco del Bajio, S.A. | C6: Financiero
A7: BIMBOA | B7: Grupo Bimbo S.A.B. | C7: Consumo básico
A8: BOLSAA | B8: Bolsa Mexicana de Valores SA de CV | C8: Financiero
A9: CEMEXCPO | B9: Cemex SA CPO | C9: Materiales
A10: CHDRAUIB | B10: Grupo Comercial Chedraui SA de CV | C10: Consumo básico
A11: CUERVO | B11: Becle, S.A. De C.V. | C11: Consumo discrecional
A12: FEMSAUBD | B12: Fomento Economico Mexicano S.A.B. de C.V. | C12: Consumo discrecional
... A35: LACOMERUBC | B35: La Comer, S.A.B. de C.V. | C35: Consumo básico
